 Dungeon Crawl Stone Soup version 0.24-a0-27-gca774cb5d5 (webtiles) character file.

Game seed: 10846618445370891558

742809 AxeAttX the Victor of a Thousand Battles (level 27, -11/269 HPs)
             Began as a Centaur Hunter on Jan 30, 2019.
             Was the Champion of Okawaru.
             Mangled by a death cob (15 damage)
             ... on level 5 of the Realm of Zot on Feb 2, 2019.
             The game lasted 04:03:57 (103529 turns).

AxeAttX the Victor of a Thousand Battles (CeHu)   Turns: 103529, Time: 04:03:58

Health: -11/269    AC: 36    Str: 29      XL:     27
Magic:  0/49       EV: 16    Int:  8      God:    Okawaru [******]
Gold:   7546       SH:  0    Dex: 17 (19) Spells: 16/34 levels left

rFire    + + .     SeeInvis .   a - +8 longbow "Riwuec" {speed, MR+}
rCold    + . .     Gourm    .   (shield currently unavailable)
rNeg     + . .     Faith    +   U - +10 fire dragon scales of Panentheism {+Fly rF++ rC- rN+ MP+9 Int+2}
rPois    +         Spirit   +   (helmet restricted)
rElec    +         Reflect  .   u - scarf {Spirit}
rCorr    .         Harm     .   X - +2 pair of gloves {Dex+3}
MR       ++++.                  H - +4 centaur barding {rC+}
Stlth    ..........             y - amulet of the Mantidfly {Faith rElec rC+ Str+3}
HPRegen  0.54/turn              j - +6 ring of slaying
MPRegen  0.31/turn              m - ring "Viedoy" {rPois MR+ Str+4 Int-2 Stlth+}

@: silence, hasted and slowed, very quick
A: large, hooves 3, horns 1, blurry vision 1, deformed body, dopey 1, speed 2,
tough skin 3
}: 4/15 runes: decaying, slimy, silver, gossamer
a: Heroism, Finesse, Renounce Religion, Evoke Flight


You were on level 5 of the Realm of Zot.
You worshipped Okawaru.
Okawaru was exalted by your worship.
You were not hungry.

You visited 11 branches of the dungeon, and saw 57 of its levels.
You visited the Abyss 3 times.
You also visited: Gauntlet, Ice Cave and Wizlab.

You collected 8815 gold pieces.
You spent 1269 gold pieces at shops.

Inventory:

Hand Weapons
 a - the +8 longbow "Riwuec" (weapon) {speed, MR+}
   (Okawaru gifted it to you on level 15 of the Dungeon)

   Attacks with this weapon are significantly faster.
   It affects your resistance to hostile enchantments.
 b - the +4 lajatang "Beastbane" {flame, +Rage +Fly Dex+4 Stlth-}
   (You took it off a deep elf elementalist on level 3 of the Elven Halls)

   It has been specially enchanted to burn those struck by it, causing extra
   injury to most foes and up to half again as much damage against particularly
   susceptible opponents.
   Big, fiery blades are also staple armaments of hydra-hunters.
   It affects your dexterity (+4).
   It lets you fly.
   It lets you go berserk.
   It makes you less stealthy.
 f - a +4 lajatang of draining
   (You took it off a spriggan defender on level 4 of the Depths)
Missiles
 l - 751 arrows (quivered) {14 tele trove}
 A - 6 throwing nets
Armour
 u - a scarf of spirit shield (worn)
   (You found it on level 5 of the Dungeon)
 F - a +2 centaur barding of flying
   (You bought it in a shop on level 4 of the Dungeon)
 H - a +4 centaur barding of cold resistance (worn)
   (Okawaru gifted it to you on level 4 of the Swamp)
 R - the +2 helmet "Waraew Luot" {Regen+ Dex+2 Stlth+}
   (You found it on level 4 of the Spider Nest)

   It affects your dexterity (+2).
   It increases your rate of regeneration.
   It makes you more stealthy.
 U - the +10 fire dragon scales of Panentheism (worn) {+Fly rF++ rC- rN+ MP+9 Int+2}
   (You took it off a minotaur in a Gauntlet)

   It affects your intelligence (+2).
   It greatly protects you from fire.
   It makes you vulnerable to cold.
   It protects you from negative energy.
   It affects your magic capacity (+9).
   It lets you fly.
 X - a +2 pair of gloves of dexterity (worn)
   (Okawaru gifted it to you on level 1 of the Orcish Mines)
Jewellery
 i - an uncursed ring of see invisible
   (You found it on level 3 of the Elven Halls)
 j - a +6 ring of slaying (left hand)
   (You found it on level 3 of the Crypt)
 m - the ring "Viedoy" (right hand) {rPois MR+ Str+4 Int-2 Stlth+}
   (You took it off a vault warden on level 5 of the Vaults)

   [ring of stealth]

   It affects your strength (+4).
   It affects your intelligence (-2).
   It protects you from poison.
   It affects your resistance to hostile enchantments.
   It makes you more stealthy.
 y - the amulet of the Mantidfly (around neck) {Faith rElec rC+ Str+3}
   (You acquired it on level 13 of the Dungeon)

   [amulet of faith]

   It allows you to gain divine favour quickly.
   It affects your strength (+3).
   It protects you from cold.
   It insulates you from electricity.
 C - the ring "Qippaih" {rCorr Str+5}
   (You found it in a Gauntlet)

   [ring of resist corrosion]

   It affects your strength (+5).
 Y - the ring "Sunod" {rF+ rN+ Dex+3}
   (You took it off a vault warden on level 5 of the Vaults)

   [ring of protection from fire]

   It affects your dexterity (+3).
   It protects you from fire.
   It protects you from negative energy.
Wands
 p - a wand of iceblast (22)
   (You found it on level 3 of the Realm of Zot)
 I - a wand of acid (30)
   (You found it on level 3 of the Lair of Beasts)
 L - a wand of paralysis (10)
   (You found it on level 2 of the Crypt)
 O - a wand of enslavement (31)
   (You found it on level 3 of the Dungeon)
 Z - a wand of digging (23)
   (You found it on level 12 of the Dungeon)
Scrolls
 g - 11 scrolls of magic mapping
 o - 2 scrolls of summoning
 r - 19 scrolls of identify
 t - 16 scrolls of teleportation
 z - 6 scrolls of blinking
 D - 7 scrolls of fog
 G - 4 scrolls of vulnerability
 J - 6 scrolls of immolation
 K - 11 scrolls of fear
 M - a scroll of holy word
 P - 2 scrolls of enchant armour
 T - 24 scrolls of remove curse
Potions
 d - 9 potions of might
 h - a potion of haste
 k - 2 potions of berserk rage
 n - 2 potions of resistance
 q - 12 potions of curing
 s - 9 potions of agility
 v - 13 potions of mutation
 w - 15 potions of heal wounds
 x - 7 potions of magic
 B - 7 potions of flight
 N - 11 potions of invisibility
 S - 7 potions of lignification
 V - a potion of ambrosia
 W - 3 potions of cancellation
Miscellaneous
 E - 3 phantom mirrors
Comestibles
 c - 11 chunks of flesh
 e - 86 rations


   Skills:
 + Level 26.2 Fighting
 - Level 10.0 Staves
 - Level 20.0 Bows
 - Level 15.0 Armour
 - Level 15.0 Dodging
 - Level 1.0 Stealth
 - Level 4.0 Spellcasting
 - Level 12.3 Hexes
 - Level 7.0 Translocations
 - Level 4.0 Transmutations
 - Level 4.0 Earth Magic
 + Level 26.2 Invocations
 - Level 6.0 Evocations


You had 16 spell levels left.
You knew the following spells:

 Your Spells              Type           Power        Failure   Level  Hunger
a - Portal Projectile     Hex/Tloc       ###...       3%          3    ###....
b - Cause Fear            Hex            ###.......   3%          4    #####..
c - Blink                 Tloc           N/A          4%          2    ###....
d - Apportation           Tloc           ##....       3%          1    #......
e - Passwall              Tmut/Erth      #.......     16%         2    ###....
f - Invisibility          Hex            ###.....     47%         6    #######

Your spell library contained the following spells:

 Spells                   Type           Power        Failure   Level  Hunger
 Confusing Touch          Hex            ###...       1%          1    #......
 Corona                   Hex            ###....      1%          1    #......
 Slow                     Hex            ###.....     1%          2    ###....
 Confuse                  Hex            ###.....     1%          3    ###....
 Tukima's Dance           Hex            ###.....     1%          3    ###....
 Ensorcelled Hibernation  Hex/Ice        ##....       7%          2    ###....
 Gell's Gravitas          Tloc           ##........   10%         3    ###....
 Lesser Beckoning         Tloc           ##........   10%         3    ###....
 Beastly Appendage        Tmut           #.....       11%         1    #......
 Dazzling Spray           Conj/Hex       ##....       13%         3    ###....
 Inner Flame              Hex/Fire       ##......     13%         3    ###....
 Summon Guardian Golem    Hex/Summ       ##......     13%         3    ###....
 Sticks to Snakes         Tmut           #.......     16%         2    ###....
 Leda's Liquefaction      Hex/Erth       ##........   19%         4    #####..
 Passage of Golubria      Tloc           N/A          30%         4    #####..
 Recall                   Summ/Tloc      N/A          36%         3    ###....
 Yara's Violent Unravell  Hex/Tmut       ##........   47%         5    ######.
 Darkness                 Hex            ###.......   47%         6    #######
 Animate Skeleton         Necr           N/A          50%         1    #......
 Flame Tongue             Conj/Fire      #....        50%         1    #......
 Freeze                   Ice            #...         50%         1    #......
 Magic Dart               Conj           #...         50%         1    #......
 Pain                     Necr           #...         50%         1    #......
 Shock                    Conj/Air       #...         50%         1    #......
 Sting                    Conj/Pois      #...         50%         1    #......
 Summon Butterflies       Summ           #.......     50%         1    #......
 Summon Small Mammal      Summ           #...         50%         1    #......
 Spider Form              Tmut/Pois      #.........   58%         3    ###....
 Stone Arrow              Conj/Erth      #.....       58%         3    ###....
 Call Imp                 Summ           #.......     63%         2    ###....
 Corpse Rot               Necr           N/A          63%         2    ###....
 Poisonous Vapours        Pois/Air       #.....       63%         2    ###....
 Sublimation of Blood     Necr           #.........   63%         2    ###....
 Swiftness                Chrm/Air       #.......     63%         2    ###....
 Throw Flame              Conj/Fire      #.....       63%         2    ###....
 Throw Frost              Conj/Ice       #.....       63%         2    ###....
 Ignite Poison            Fire/Tmut/Pois #.......     67%         3    ###....
 Petrify                  Tmut/Erth      #.......     71%         4    #####..
 Metabolic Englaciation   Hex/Ice        ##........   77%         5    ######.
 Silence                  Hex/Air        ##........   77%         5    ######.
 Summon Mana Viper        Hex/Summ       ##......     77%         5    ######.
 Call Canine Familiar     Summ           #.......     86%         3    ###....
 Conjure Flame            Conj/Fire      #.......     86%         3    ###....
 Mephitic Cloud           Conj/Pois/Air  #.......     86%         3    ###....
 Ozocubu's Armour         Chrm/Ice       #.......     86%         3    ###....
 Regeneration             Chrm/Necr      #.........   86%         3    ###....
 Static Discharge         Conj/Air       #.......     86%         3    ###....
 Vampiric Draining        Necr           #.........   86%         3    ###....
 Ice Form                 Ice/Tmut       #.......     94%         4    #####..
 Blade Hands              Tmut           #.........   96%         5    ######.
 Lee's Rapid Deconstruct  Erth           #.........   96%         5    ######.
 Summon Forest            Summ/Tloc      #.........   98%         5    ######.
 Airstrike                Air            #.........   99%         4    #####..
 Animate Dead             Necr           N/A          99%         4    #####..
 Olgreb's Toxic Radiance  Pois           #.......     99%         4    #####..
 Sticky Flame             Conj/Fire      #.......     99%         4    #####..
 Summon Ice Beast         Ice/Summ       #.......     99%         4    #####..
 Summon Lightning Spire   Summ/Air       #.......     99%         4    #####..
 Throw Icicle             Conj/Ice       #.......     99%         4    #####..
 Agony                    Necr           #.......     100%        5    ######.
 Alistair's Intoxication  Tmut/Pois      #.......     100%        5    ######.
 Aura of Abjuration       Summ           #.........   100%        5    ######.
 Bolt of Draining         Conj/Necr      #.........   100%        5    ######.
 Bolt of Magma            Conj/Fire/Erth #.........   100%        5    ######.
 Borgnjor's Vile Clutch   Necr/Erth      #.........   100%        5    ######.
 Dispel Undead            Necr           #.......     100%        5    ######.
 Excruciating Wounds      Chrm/Necr      #.........   100%        5    ######.
 Fireball                 Conj/Fire      #.........   100%        5    ######.
 Irradiate                Conj/Tmut      #.........   100%        5    ######.
 Iskenderun's Battlesphe  Conj/Chrm      #.......     100%        5    ######.
 Lightning Bolt           Conj/Air       #.........   100%        5    ######.
 Summon Demon             Summ           #.........   100%        5    ######.
 Venom Bolt               Conj/Pois      #.........   100%        5    ######.
 Bolt of Cold             Conj/Ice       #.........   100%        6    #######
 Bolt of Fire             Conj/Fire      #.........   100%        6    #######
 Conjure Ball Lightning   Conj/Air       #.........   100%        6    #######
 Deflect Missiles         Chrm/Air       #.........   100%        6    #######
 Freezing Cloud           Conj/Ice/Air   #.........   100%        6    #######
 Hydra Form               Tmut           #.........   100%        6    #######
 Iron Shot                Conj/Erth      #.........   100%        6    #######
 Poison Arrow             Conj/Pois      #.........   100%        6    #######
 Shadow Creatures         Summ           N/A          100%        6    #######
 Statue Form              Tmut/Erth      #........    100%        6    #######
 Dragon Form              Tmut           #.........   100%        7    #######
 Orb of Destruction       Conj           #.........   100%        7    #######
 Ring of Flames           Chrm/Fire      #.........   100%        7    #######
 Spellforged Servitor     Conj/Summ      #.........   100%        7    #######
 Summon Hydra             Summ           #.........   100%        7    #######
 Borgnjor's Revivificati  Necr           #.........   100%        8    #######
 Chain Lightning          Conj/Air       #.........   100%        8    #######
 Controlled Blink         Tloc           N/A          100%        8    #######
 Ignition                 Fire           #.........   100%        8    #######
 Lehudib's Crystal Spear  Conj/Erth      #.........   100%        8    #######
 Dragon's Call            Summ           #.........   100%        9    #######
 Fire Storm               Conj/Fire      #.........   100%        9    #######
 Glaciate                 Conj/Ice       #.........   100%        9    #######
 Shatter                  Erth           #.........   100%        9    #######
 Tornado                  Air            #.........   100%        9    #######


Dungeon Overview and Level Annotations

Branches:
Dungeon (15/15)            Temple (0/1) D:7            Lair (6/6) D:10
  Swamp (4/4) Lair:2       Spider (4/4) Lair:3        Slime (5/5) Lair:6
    Orc (2/2) D:10            Elf (3/3) Orc:2        Vaults (5/5) D:14
  Crypt (3/3) Vaults:2       Tomb (0/3) Crypt:3      Depths (5/5) D:15
    Zot (5/5) Depths:5

Altars:
Ashenzari
Dithmenos
Gozag
Kikubaaqudgha
Okawaru
Qazlal
Sif Muna
Wu Jian
Yredelemnul
The Shining One
Beogh
Jiyva

Shops:
D:4 *[[   D:6 :   D:9 :   D:15 :   Orc:1 !   Orc:2 ([[%   Elf:1 [   Elf:3 }
Vaults:5 %   Depths:1 [   Depths:5 =}=

Portals:
Hell: Depths:1 Depths:2 Depths:3 Depths:4 Depths:5
Abyss: Depths:1 Depths:4
Pandemonium: Depths:1 Depths:2 Depths:3 Depths:5
Ziggurat: Depths:2
Trove: Vaults:3 (give 14 scrolls of teleportation)

Annotations:
Depths:1 3 runed translucent doors
Zot:5 1 exclusion


Innate Abilities, Weirdness & Mutations

You have hooves in place of feet.
Armour fits poorly on your strangely shaped body.
You cover ground very quickly.
You have extremely tough skin. (AC +3)
You have a pair of small horns on your head.
Scrolls take you a little longer to read.
You are dopey. (Int -2)


Message History

The Killer Klown blinks! x2; The Orb Guardian hits you.
The Killer Klown teases you with a +8 vampiric club.
A green draconian stormcaller comes into view.
It is wielding a +0 long sword.
A white draconian comes into view. It is wielding a +0 halberd.
You feel you are being watched by something.
You feel your power leaking away.
An Orb Guardian and a white draconian come into view.
The Killer Klown blinks!
You feel you are being watched by something.
You feel your power leaking away. The Orb Guardian completely misses you.
A draconian annihilator and a draconian scorcher come into view.
The green draconian stormcaller mumbles some strange prayers to Qazlal.
The moth of wrath goads the Orb Guardian on!
The Orb Guardian goes berserk!
The storm dragon breathes lightning at you.
You resist. The bolt of lightning hits you!
The yellow draconian throws acid at you.
The glob of acid misses you.
The purple draconian annihilator casts a spell at you.
The bolt of lightning misses you.
The Killer Klown blinks!
You feel you are being watched by something.
The white draconian breathes frost at you.
You resist. The chilling blast hits you!
You feel you are being watched by something.
The green draconian stormcaller invokes the aid of Qazlal against you.
Qazlal smites you!
Found a scroll of enchant armour.
Really read with blurry vision while enemies are nearby?
The Killer Klown throws klown pie at you.
The klown pie hits you but does no damage.
You begin reading the scroll.
You continue reading the scroll.
Your surroundings seem slightly different.
The death cob hits you but does no damage.
The Killer Klown blinks!
The moth of wrath goads the Orb Guardian on!
The Orb Guardian goes berserk!
The death cob completely misses you.
The Killer Klown throws klown pie at you.
The klown pie hits you!!
Plum!
You feel light-headed. The Orb Guardian hits you!
As you read the scroll of fog, it crumbles to dust.
The scroll dissolves into smoke.
Your blink will be uncontrolled - continue anyway?
Okay, then.
Your magical effects are unravelling.
You feel magically purged.
You feel yourself speed up.
You feel yourself slow down.
The sentinel's mark upon you fades away.
The world stops spinning.
The death cob barely misses you. The death cob closely misses you.
The Killer Klown headlocks you with a +8 vampiric club!!
The Killer Klown honks.
The Killer Klown blinks!
The Orb Guardian hits you.
The death cob hits you but does no damage.
The storm dragon bites you but does no damage.
The storm dragon claws you but does no damage.
The storm dragon closely misses you.
You hear a loud "Zot"!
You feel yourself speed up. The death cob hits you!
* * * LOW HITPOINT WARNING * * *
The death cob drains your vigour!
You feel yourself slow down. The Orb Guardian hits you.
* * * LOW HITPOINT WARNING * * *
The Killer Klown throws klown pie at you.
The klown pie misses you.
The klown pie hits the Orb Guardian!!
Moon pie!
The Orb Guardian evaporates and reforms as a stone giant!
The Orb Guardian closely misses you. The death cob barely misses you.
The storm dragon barely misses you. x2; The storm dragon misses you.
The Killer Klown elbows you but does no damage.
The electric golem hits you but does no damage. x4
The Killer Klown misses you.
The stone giant shouts!
An Orb Guardian comes into view.
The Killer Klown blinks!
The death cob hits you!!
* * * LOW HITPOINT WARNING * * *
The electric golem completely misses you.
The electric golem hits you but does no damage. x3
The Killer Klown blinks!
The Killer Klown throws klown pie at you.
The klown pie hits you!!
Blueberry!
An unnatural silence engulfs you.
* * * LOW HITPOINT WARNING * * *
You feel much better.
The death cob hits you but does no damage.
The Orb Guardian hits you!
* * * LOW HITPOINT WARNING * * *
The power of Zot is invoked against you!
The electric golem hits you but does no damage. x2
The electric golem barely misses you. The electric golem misses you.
The death cob hits you but does no damage.
The Killer Klown sprays water.
The Orb Guardian hits you but does no damage.
The Killer Klown barely misses you. The Orb Guardian barely misses you.
The Killer Klown pinches you but does no damage.
The death cob hits you but does no damage.
Your blink will be uncontrolled - continue anyway?
Really read with blurry vision while enemies are nearby?
The Orb Guardian hits you!!
* * * LOW HITPOINT WARNING * * *
The death cob hits you!
You die...

#.......dd.....
##......l......
##.....d......
▓▓^....##▓▓▓▓▓▓▓▓
▓^.............§▓▓▓▓
▓.^...y{§§..........▓##
▓.....XLXXDC....§.X..^^##
▓..^^...Xpz*8.....§......#
▓.......pX@XD.....§......▓
▓▓.......XpXX.§§§..8.....▓
▓▓.....^..$§§§§§§§D.§...▓
▓▓......$.§..§§§§*.....?^
..........(..§.^......▓.
^.....................▓
......................▓
...........^..........▓
...................▓▓


You could see an orb of fire, 3 Killer Klowns, an electric golem, a tentacled
monstrosity, an ancient lich, 2 storm dragons, a death cob, a stone giant, 8 Orb
Guardians and a moth of wrath.

Vanquished Creatures
  the Royal Jelly (Slime:5)
  A juggernaut (Depths:4)
  4 ancient liches
  Frederick (Crypt:2)
  Xtahua (Vaults:2)
  A curse toe (Zot:3)
  10 golden dragons
  Nikola (Elf:1)
  Jory (Vaults:2)
  A Brimstone Fiend (Depths:1)
  The ghost of Qyisuosupp the Executioner, an adept MiBe of Trog (Vaults:2)
  Arachne (Spider:2)
  3 bone dragons
  An Ice Fiend (Depths:1)
  Rupert (D:14)
  14 tentacled monstrosities
  7 liches
  6 titans
  An Orb Guardian (Zot:5)
  3 deep elf blademasters (Elf:3)
  3 deep elf master archers (Elf:3)
  A moon troll (WizLab)
  7 quicksilver dragons
  18 acid blobs
  3 sphinxes
  3 death cobs
  Frances (Elf:1)
  An ancient champion (Crypt:1)
  16 tentacled starspawn
  A storm dragon (shapeshifter) (Vaults:3)
  7 thorn hunters
  An Executioner (Abyss:2)
  Kirke (Swamp:3)
  A draconian monk (Zot:1)
  The ghost of P0WERM0DE the Champion of Chaos, an adept DDFi of Makhleb (Spider:4)
  20 storm dragons
  7 shadow dragons
  2 revenants (Crypt:2)
  Roxanne (Elf:1)
  Donald (Elf:2)
  5 tengu reavers
  10 frost giants
  10 fire giants
  8 azure jellies
  21 vault wardens
  15 deep elf sorcerers
  2 cacodemons (WizLab)
  A caustic shrike zombie (Depths:4)
  3 draconian scorchers
  2 balrugs
  8 emperor scorpions
  5 ghost moths
  Louise (Elf:2)
  5 draconian knights
  3 spriggan defenders (Depths:4)
  7 draconian stormcallers
  2 curse skulls (Crypt:2)
  16 ironheart preservers
  A reaper (IceCv)
  2 draconian shifters
  4 deep elf elementalists (Elf:3)
  2 draconian annihilators (Zot:2)
  5 ghouls
  5 entropy weavers
  An ophan (Abyss:2)
  6 war gargoyles
  29 very ugly things
  9 vampire knights
  23 stone giants
  12 large abominations
  7 green draconians
  8 deep elf demonologists
  7 deep elf annihilators
  5 purple draconians
  7 red draconians
  11 black draconians
  A minotaur (Gauntlet)
  6 dire elephants (Lair:6)
  Azrael (Elf:2)
  11 yellow draconians
  6 spark wasps
  9 white draconians
  5 eidola
  8 death oozes
  12 deep elf death magi
  6 blizzard demons
  7 fire dragons
  9 ettins
  5 crystal guardians
  A quicksilver dragon zombie (Crypt:2)
  8 yaktaur captains
  A merfolk impaler (Depths:1)
  8 deep elf high priests
  8 jiangshi
  Josephine (D:13)
  Erolcha (D:13)
  6 ice dragons
  6 rakshasas
  A monstrous demonspawn (Depths:1)
  2 quicksilver dragon skeletons (Crypt:1)
  6 spriggan air magi
  A catoblepas (Lair:2)
  3 shambling mangroves
  15 great orbs of eyes
  2 ghost crabs (Swamp:2)
  23 hydras
  A hell beast (Depths:2)
  Harold (D:8)
  36 vault guards
  14 centaur warriors
  An anaconda (Lair:6)
  9 deep troll shamans
  9 alligators
  38 two-headed ogres
  43 dancing weapons
  A queen ant (shapeshifter) (Abyss:2)
  7 death knights
  12 ogre magi
  5 tengu warriors
  13 deep troll earth magi
  4 thrashing horrors (Abyss:5)
  2 titan zombies
  5 orc high priests (Orc:2)
  25 deep elf knights
  10 spriggans
  3 spriggan berserkers
  10 death yaks
  Urug (Lair:6)
  5 vampire magi
  3 titan skeletons (Crypt:1)
  A shock serpent (shapeshifter) (Vaults:5)
  A storm dragon zombie (Depths:4)
  4 iron trolls
  56 skeletal warriors
  The ghost of guttsta the Fighter, a novice DsBe of Trog (D:7)
  6 sun demons
  14 hell knights
  6 wretched stars
  A soul eater (Crypt:2)
  2 golden dragon zombies
  A spectral minotaur (Depths:3)
  4 shadow wraiths
  2 death drakes
  A spriggan druid (Swamp:3)
  2 unseen horrors
  3 orange crystal statues
  2 storm dragon skeletons
  13 swamp dragons
  A torturous demonspawn (Depths:2)
  11 flayed ghosts
  26 deep trolls
  17 glowing orange brains
  3 wizards
  2 golden dragon skeletons
  9 phantasmal warriors
  15 deep elf archers
  20 ironbrand convokers
  4 lindwurms (Lair:6)
  A harpy (shapeshifter) (Depths:2)
  3 starcursed masses (WizLab)
  7 harpies
  4 anaconda skeletons (Crypt:1)
  17 orc knights
  9 necromancers
  3 orc sorcerers (D:15)
  24 orb spiders
  2 wolf spider zombies (D:15)
  60 ugly things
  2 mana vipers (shapeshifter)
  5 mana vipers
  2 tengu skeletons
  64 deep elf magi
  A wolf spider (shapeshifter) (Vaults:5)
  2 worldbinders
  2 oklob plants (Lair:2)
  47 wolf spiders
  An iron dragon zombie (Crypt:3)
  8 shining eyes
  A fire giant zombie (Crypt:2)
  4 stone giant zombies
  2 salamanders
  6 cyclopes
  An iron dragon skeleton (Crypt:1)
  A shadow dragon skeleton (Crypt:2)
  4 elephants (Lair:6)
  2 frost giant skeletons (Crypt:1)
  21 moths of wrath
  A rust devil (Depths:1)
  6 black mambas
  Maurice (D:9)
  2 manticores
  A dire elephant zombie (Crypt:3)
  A black mamba (shapeshifter) (Vaults:4)
  3 fire giant skeletons
  3 stone giant skeletons
  A torpor snail (Spider:2)
  3 ice statues
  18 vault sentinels
  5 eyes of devastation
  2 apocalypse crabs
  2 smoke demons
  10 spiny frogs
  2 orange demons
  2 catoblepas zombies
  3 rime drakes
  12 freezing wraiths
  5 dire elephant skeletons
  A rime drake (shapeshifter) (Vaults:4)
  A sea snake zombie (Crypt:1)
  3 kobold demonologists
  3 centaur skeletons
  2 efreet
  14 ice devils
  40 yaktaurs
  5 spectral merfolk (Depths:3)
  A tormentor (Depths:1)
  An anaconda simulacrum (Depths:3)
  10 demonic crawlers
  8 komodo dragons
  A hellwing (Depths:2)
  A tengu conjurer (Depths:4)
  38 jumping spiders
  A red devil (Depths:1)
  2 elf skeletons (Depths:4)
  A meliai (shapeshifter) (Vaults:4)
  22 hornets
  5 trolls
  A hornet (shapeshifter) (Depths:2)
  A blink frog (shapeshifter) (Depths:2)
  5 tyrant leeches
  24 blink frogs
  17 bog bodies
  A hippogriff (shapeshifter) (Depths:3)
  130 slime creatures
  15 raiju
  A fire giant simulacrum (Abyss:2)
  An ice dragon zombie (Crypt:1)
  A hydra skeleton (Crypt:2)
  11 hippogriffs
  2 ettin zombies
  51 flying skulls
  A centaur simulacrum (D:13)
  A fire dragon zombie (Crypt:3)
  84 redbacks
  An alligator skeleton (Crypt:3)
  6 ettin skeletons
  An ice dragon skeleton (Crypt:1)
  A spriggan (shapeshifter) (Vaults:1)
  A tarantella (shapeshifter) (Depths:2)
  18 wraiths
  18 water elementals
  7 shadows
  2 wyverns
  23 yaks
  A fire dragon skeleton (Crypt:2)
  48 tarantellas
  5 vampires
  A human (shapeshifter) (Vaults:3)
  7 ynoxinuls
  A golden eye (shapeshifter) (Elf:3)
  7 fire elementals
  4 hungry ghosts
  2 neqoxecs
  A steam dragon (D:8)
  14 golden eyes
  A basilisk (shapeshifter) (Vaults:1)
  4 basilisks
  A chaos spawn (Abyss:2)
  A hog (shapeshifter) (Vaults:2)
  A glowing shapeshifter zombie (Crypt:2)
  23 vampire mosquitoes
  A swamp worm (shapeshifter) (Vaults:5)
  18 swamp worms
  4 insubstantial wisps (Swamp:2)
  11 wargs
  4 acid dragons
  8 water moccasins
  7 hydra simulacra
  14 hell hounds
  2 floating eyes
  8 porcupines
  A gelid demonspawn skeleton (Crypt:1)
  2 spectral trolls (Depths:3)
  A hornet zombie (D:14)
  2 human skeletons (Vaults:1)
  27 orc warriors
  A monstrous demonspawn skeleton (Crypt:1)
  10 swamp drakes
  2 black bears (shapeshifter)
  2 spectral spriggans (Depths:3)
  5 eyes of draining
  5 necrophages
  37 ogres
  3 phantoms
  An eye of draining (shapeshifter) (D:15)
  4 ice beasts
  3 sky beasts
  2 snapping turtle zombies
  17 wolves
  11 centaurs
  10 boggarts
  10 crocodiles
  A manticore skeleton (Crypt:1)
  A snapping turtle skeleton (Crypt:1)
  2 small abominations
  3 big kobolds
  Blork the orc (D:5)
  23 bullfrogs
  An earth elemental (Elf:1)
  A wyvern zombie (D:12)
  A water moccasin zombie (D:7)
  A water moccasin skeleton (Crypt:2)
  A human simulacrum (Vaults:1)
  A spectral naga (Depths:3)
  3 scorpions
  A polar bear zombie (Crypt:2)
  8 killer bees
  6 wights
  5 electric eels
  2 howler monkeys (D:6)
  4 jellies
  3 spectral centaurs (Depths:3)
  2 bullfrog zombies
  4 centaur zombies
  8 crimson imps
  A basilisk zombie (Crypt:2)
  A quasit (Depths:2)
  Crazy Yiuf (D:5)
  44 orc priests
  10 hounds
  3 iron imps
  3 bullfrog skeletons
  4 iguanas
  A demonspawn skeleton (Crypt:2)
  23 orc wizards
  A porcupine zombie (Crypt:1)
  A basilisk skeleton (Crypt:2)
  11 worker ants
  2 spriggan simulacra (Depths:3)
  A felid zombie (Crypt:1)
  Robin (D:4)
  11 adders
  6 gnolls
  A howler monkey skeleton (D:7)
  A naga simulacrum (Depths:3)
  8 shadow imps
  23 white imps
  8 ufetubi
  6 oozes
  An adder zombie (D:5)
  An adder skeleton (Crypt:1)
  5 worms
  3 dart slugs
  7 leopard geckos
  123 orcs
  4 ball pythons
  6 giant cockroaches
  16 goblins
  10 hobgoblins
  11 jackals
  5 quokkas
  9 bats
  4 frilled lizards
  A goblin zombie (Crypt:2)
  A jackal skeleton (D:6)
  28 kobolds
  A leopard gecko zombie (D:7)
  A quokka zombie (D:6)
  8 rats
  A rat zombie (Crypt:1)
  6 crawling corpses
  2 fungi (Lair:5)
  5 plants
  19 starspawn tentacles
2951 creatures vanquished.

Vanquished Creatures (others)
  An ancient lich (Zot:5)
  An eldritch tentacle (Spider:4)
  A dancing weapon (Crypt:3)
  A deep elf knight (Elf:2)
  An unseen horror (shapeshifter) (Vaults:5)
  A human (Swamp:3)
  A boggart (Vaults:2)
  A spectral centaur (Depths:3)
  3 white imps (IceCv)
  3 ufetubi (IceCv)
  A demonic plant (WizLab)
  3 fungi (Depths:3)
  64 plants
  13 starspawn tentacles
95 creatures vanquished.

Grand Total: 3046 creatures vanquished

Notes
Turn   | Place    | Note
-------+----------+-------------------------------------------
     0 | D:1      | AxeAttX the Centaur Hunter began the quest for the Orb.
     0 | D:1      | Reached XP level 1. HP: 17/17 MP: 1/1
   280 | D:1      | Reached XP level 2. HP: 16/24 MP: 2/2
   549 | D:1      | Reached skill level 1 in Stealth
   849 | D:1      | Reached XP level 3. HP: 30/30 MP: 3/3
  1423 | D:2      | Found an ornate altar of the Wu Jian Council.
  1577 | D:2      | Reached skill level 2 in Dodging
  1587 | D:2      | Reached skill level 6 in Bows
  1590 | D:2      | Reached XP level 4. HP: 30/37 MP: 4/4
  1594 | D:2      | Reached skill level 3 in Fighting
  2944 | D:3      | Reached XP level 5. HP: 45/45 MP: 5/5
  3755 | D:3      | Found a faded altar of an unknown god.
  3764 | D:3      | Found an ancient bone altar of Kikubaaqudgha.
  3764 | D:3      | Found an iron altar of Okawaru.
  3768 | D:3      | Found a stormy altar of Qazlal.
  3768 | D:3      | Found a basalt altar of Yredelemnul.
  3775 | D:3      | Became a worshipper of Warmaster Okawaru
  3973 | D:3      | Reached skill level 4 in Fighting
  3973 | D:3      | Reached skill level 7 in Bows
  4427 | D:4      | Reached XP level 6. HP: 52/53 MP: 6/6
  4551 | D:4      | Noticed Robin
  4566 | D:4      | Killed Robin
  4764 | D:4      | Found a shadowy altar of Dithmenos.
  4842 | D:4      | Reached skill level 8 in Bows
  4971 | D:4      | Reached * piety under Okawaru
  4971 | D:4      | Reached skill level 5 in Fighting
  5199 | D:4      | Reached XP level 7. HP: 51/61 MP: 7/7
  5342 | D:4      | Found Wunnogga's Assorted Antiques.
  5344 | D:4      | Found Reitu's Antique Armour Shoppe.
  5355 | D:4      | Bought a scroll of identify for 44 gold pieces
  5355 | D:4      | Bought a scroll labeled PYSOMO ENUA for 22 gold pieces
  5355 | D:4      | Bought a golden potion for 19 gold pieces
  5356 | D:4      | Found Ukhos's Antique Armour Boutique.
  5450 | D:5      | Entered Level 5 of the Dungeon
  5655 | D:5      | Found an opulent altar of Gozag.
  5816 | D:5      | Noticed Blork the orc
  6419 | D:5      | Reached skill level 9 in Bows
  6806 | D:5      | HP: 6/62 [Blork the orc/magic dart (7)]
  6807 | D:5      | Killed Blork the orc
  6807 | D:5      | Reached skill level 6 in Fighting
  7169 | D:5      | Reached ** piety under Okawaru
  7441 | D:5      | Found a runed translucent door.
  7442 | D:5      | Noticed Crazy Yiuf
  7617 | D:5      | Killed Crazy Yiuf
  7895 | D:6      | Reached XP level 8. HP: 69/71 MP: 8/8
  7926 | D:6      | Found Wico's Book Shop.
  8016 | D:6      | Reached skill level 10 in Bows
  8319 | D:6      | Reached skill level 7 in Fighting
  9039 | D:6      | Found a glowing golden altar of the Shining One.
  9139 | D:6      | Found a deep blue altar of Sif Muna.
  9352 | D:7      | Reached skill level 11 in Bows
  9356 | D:7      | Reached *** piety under Okawaru
  9356 | D:7      | Reached skill level 8 in Fighting
  9357 | D:7      | Noticed a hornet
  9694 | D:7      | Found a staircase to the Ecumenical Temple.
  9883 | D:7      | Reached XP level 9. HP: 82/82 MP: 9/9
 10200 | D:7      | Received a gift from Okawaru
 10200 | D:7      | Reached skill level 12 in Bows
 10660 | D:7      | Found a runed translucent gate.
 10661 | D:7      | Found a runed translucent gate.
 10662 | D:7      | Found a runed translucent gate.
 10668 | D:7      | Noticed guttsta's ghost (novice DsBe)
 10840 | D:7      | Reached skill level 9 in Fighting
 12167 | D:8      | Reached skill level 13 in Bows
 12562 | D:8      | Reached skill level 10 in Fighting
 12868 | D:8      | Reached XP level 10. HP: 93/93 MP: 10/10
 12880 | D:8      | Noticed Harold
 12934 | D:8      | Killed Harold
 12934 | D:8      | Reached **** piety under Okawaru
 12934 | D:8      | Received a gift from Okawaru
 13427 | D:9      | Noticed a two-headed ogre
 13484 | D:9      | Killed a two-headed ogre
 13484 | D:9      | Reached skill level 14 in Bows
 13484 | D:9      | Reached skill level 2 in Invocations
 13747 | D:9      | Noticed Maurice
 13829 | D:9      | Reached skill level 3 in Invocations
 13830 | D:9      | Killed Maurice
 13830 | D:9      | Reached skill level 11 in Fighting
 14186 | D:9      | Reached skill level 4 in Invocations
 14413 | D:9      | Found Efawetow's Book Emporium.
 14464 | D:9      | Found a runed translucent door.
 14483 | D:9      | Noticed a cyclops
 14483 | D:9      | Noticed a red ugly thing
 14483 | D:9      | Noticed a deep elf mage
 14483 | D:9      | Noticed a two-headed ogre
 14516 | D:9      | Killed a two-headed ogre
 14525 | D:9      | Killed a deep elf mage
 14525 | D:9      | Reached ***** piety under Okawaru
 14525 | D:9      | Reached XP level 11. HP: 78/102 MP: 10/14
 14644 | D:9      | Reached skill level 5 in Invocations
 14667 | D:9      | Reached skill level 15 in Bows
 14673 | D:9      | Noticed a two-headed ogre
 14721 | D:9      | Killed a two-headed ogre
 14721 | D:9      | Received a gift from Okawaru
 15526 | D:9      | Killed a red ugly thing
 15526 | D:9      | Received a gift from Okawaru
 15526 | D:9      | Reached skill level 6 in Invocations
 15859 | D:10     | Entered Level 10 of the Dungeon
 16051 | D:10     | Reached skill level 1 in Armour
 16370 | D:10     | Reached skill level 12 in Fighting
 16720 | D:10     | Received a gift from Okawaru
 16736 | D:10     | Found a roughly hewn altar of Beogh.
 16736 | D:10     | Found a staircase to the Orcish Mines.
 16924 | D:10     | Noticed an orc knight
 17282 | D:9      | Killed an unseen horror
 17568 | D:9      | Killed an orc knight
 17568 | D:9      | Received a gift from Okawaru
 17568 | D:9      | Reached skill level 2 in Armour
 17568 | D:9      | Reached skill level 3 in Dodging
 18055 | D:10     | Found a staircase to the Lair.
 18283 | Lair:1   | Entered Level 1 of the Lair of Beasts
 19253 | Lair:2   | Noticed an oklob plant
 19253 | Lair:2   | Noticed an oklob plant
 19505 | Lair:2   | Killed an oklob plant
 19505 | Lair:2   | Received a gift from Okawaru
 19640 | Lair:2   | Killed an oklob plant
 19797 | Lair:2   | Got a jewelled dagger
 19981 | Lair:2   | Reached skill level 16 in Bows
 20061 | Lair:2   | Reached skill level 3 in Armour
 20061 | Lair:2   | Reached XP level 12. HP: 113/113 MP: 16/16
 20209 | Lair:2   | Received a gift from Okawaru
 20471 | Lair:2   | Reached skill level 4 in Dodging
 20542 | Lair:2   | Noticed a catoblepas
 20577 | Lair:2   | Killed a catoblepas
 20742 | Lair:2   | Found a staircase to the Swamp.
 20911 | Lair:3   | Noticed a death yak
 20913 | Lair:3   | Noticed a death yak
 20919 | Lair:3   | Noticed a death yak
 20919 | Lair:3   | Noticed a death yak
 20925 | Lair:3   | Killed a death yak
 20935 | Lair:3   | Killed a death yak
 20938 | Lair:3   | Noticed a death yak
 21004 | Lair:3   | Noticed a death yak
 21181 | Lair:2   | Killed a death yak
 21181 | Lair:2   | Reached skill level 4 in Armour
 21197 | Lair:2   | Killed a death yak
 21235 | Lair:2   | Killed a death yak
 21669 | Lair:3   | Reached skill level 13 in Fighting
 21676 | Lair:3   | Reached skill level 5 in Dodging
 21899 | Lair:3   | Killed a death yak
 21951 | Lair:3   | Found a hole to the Spider Nest.
 22280 | Lair:3   | Received a gift from Okawaru
 22370 | Lair:3   | Reached skill level 17 in Bows
 23029 | Lair:4   | Noticed a death yak
 23261 | Lair:4   | Noticed a death yak
 23280 | Lair:4   | Noticed a death yak
 23302 | Lair:3   | Reached skill level 5 in Armour
 23335 | Lair:3   | Killed a death yak
 23335 | Lair:3   | Reached XP level 13. HP: 82/122 MP: 12/17
 24613 | Lair:5   | Reached skill level 6 in Dodging
 24640 | Lair:5   | Found a gate leading to a gauntlet.
 24651 | Gauntlet | Entered a Gauntlet
 24651 | Gauntlet | Found a transporter.
 24651 | Gauntlet | Found a transporter.
 24810 | Gauntlet | Found a transporter.
 24811 | Gauntlet | Found a transporter.
 24811 | Gauntlet | Found a transporter.
 24814 | Gauntlet | Found a transporter.
 24821 | Gauntlet | Found a transporter.
 24822 | Gauntlet | Found a transporter.
 24823 | Gauntlet | Found a transporter.
 24826 | Gauntlet | Found a transporter.
 24838 | Gauntlet | Found a transporter.
 24838 | Gauntlet | Found a transporter.
 25170 | Gauntlet | Noticed a death ooze
 25199 | Gauntlet | Killed a death ooze
 25241 | Gauntlet | Got a scorched copper ring
 25579 | Gauntlet | Identified the ring "Qippaih" {rCorr Str+5} (You found it
                  | in a Gauntlet)
 25586 | Gauntlet | Identified the +10 fire dragon scales of Panentheism {+Fly
                  | rF++ rC- rN+ MP+9 Int+2}
 25586 | Gauntlet | Noticed a minotaur
 25595 | Gauntlet | Killed a minotaur
 25607 | Gauntlet | Identified Sif Muna's Almanac of Shape Shifting
 25703 | Lair:4   | Identified the +4 dagger of Pandemonium {freeze, +Fly rN+
                  | Str-5} (You found it on level 2 of the Lair of Beasts)
 25789 | Lair:5   | Got a jewelled quarterstaff
 25865 | Lair:5   | Received a gift from Okawaru
 25865 | Lair:5   | Reached skill level 6 in Armour
 26056 | Lair:5   | Reached skill level 14 in Fighting
 26526 | Lair:6   | Entered Level 6 of the Lair of Beasts
 26532 | Lair:6   | Reached skill level 18 in Bows
 26596 | Lair:6   | Found a viscous altar of Jiyva.
 26597 | Lair:6   | Found a staircase to the Slime Pits.
 26782 | Lair:6   | Noticed Urug
 26787 | Lair:6   | Killed Urug
 27032 | Lair:6   | Received a gift from Okawaru
 27759 | Lair:6   | Noticed a dire elephant
 27759 | Lair:6   | Noticed a dire elephant
 27791 | Lair:6   | Killed a dire elephant
 27791 | Lair:6   | Reached XP level 14. HP: 115/133 MP: 15/18
 28405 | Lair:6   | Reached skill level 19 in Bows
 28430 | Lair:6   | Reached skill level 15 in Fighting
 28611 | Lair:6   | Identified the +3 quarterstaff "Ihaack" {vamp, rN+} (You
                  | found it on level 5 of the Lair of Beasts)
 28919 | D:11     | Found a glowing golden altar of the Shining One.
 29640 | D:12     | Identified the +5 long sword "Noceac" {drain, rF+ MR+
                  | Int+2}
 29929 | D:13     | Reached ****** piety under Okawaru
 29982 | D:13     | Noticed Josephine
 29983 | D:13     | Killed Josephine
 29983 | D:13     | Received a gift from Okawaru
 30033 | D:13     | Identified 2 scrolls of acquirement
 30048 | D:13     | Got a pitted silver amulet
 30049 | D:13     | Identified the amulet of the Mantidfly {Faith rElec rC+
                  | Str+3} (You acquired it on level 13 of the Dungeon)
 30172 | D:13     | Noticed Erolcha
 30174 | D:13     | Killed Erolcha
 30552 | D:13     | Reached skill level 20 in Bows
 30617 | D:13     | Received a gift from Okawaru
 30677 | D:13     | Reached skill level 16 in Fighting
 31022 | Orc:1    | Entered Level 1 of the Orcish Mines
 31099 | Orc:2    | Entered Level 2 of the Orcish Mines
 31160 | Orc:1    | Received a gift from Okawaru
 31252 | Orc:2    | Found a frozen archway.
 31283 | IceCv    | Entered an ice cave
 31879 | IceCv    | Noticed a reaper
 31894 | IceCv    | Killed a reaper
 32411 | Orc:2    | Found a roughly hewn altar of Beogh.
 32456 | Orc:2    | Found Lypanoq's Antique Armour Boutique.
 32488 | Orc:2    | Reached XP level 15. HP: 144/146 MP: 19/19
 32508 | Orc:2    | Found Gadghael's Food Emporium.
 32582 | Orc:2    | Found Uceweodoe's Armour Emporium.
 32610 | Orc:2    | Found Caumaqen's Antique Weapon Boutique.
 32829 | Orc:2    | Found a staircase to the Elven Halls.
 32849 | Orc:2    | Reached skill level 17 in Fighting
 33447 | Orc:1    | Found a roughly hewn altar of Beogh.
 33769 | Orc:1    | Found Pasy's Distillery.
 33780 | Orc:1    | Bought a potion of might for 44 gold pieces
 33780 | Orc:1    | Bought a potion of heal wounds for 55 gold pieces
 33780 | Orc:1    | Bought a potion of curing for 33 gold pieces
 34136 | D:4      | Bought a shiny centaur barding for 572 gold pieces
 34459 | D:14     | Found a gate to the Vaults.
 34462 | D:14     | Received a gift from Okawaru
 34872 | D:14     | Noticed Rupert
 34883 | D:14     | Killed Rupert
 35148 | D:13     | Noticed a fire giant
 35175 | D:13     | Killed a fire giant
 35254 | D:14     | Reached skill level 18 in Fighting
 35646 | D:15     | Entered Level 15 of the Dungeon
 35882 | D:15     | Reached skill level 1 in Evocations
 35886 | D:15     | Received a gift from Okawaru
 36114 | D:15     | Reached skill level 2 in Evocations
 36471 | D:15     | Found a staircase to the Depths.
 36474 | D:15     | Received a gift from Okawaru
 36479 | D:15     | Reached skill level 7 in Invocations
 36485 | D:15     | Got a scorched longbow {god gift}
 36486 | D:15     | Identified the +8 longbow "Riwuec" {speed, MR+} (Okawaru
                  | gifted it to you on level 15 of the Dungeon)
 36785 | D:15     | Found a shattered altar of Ashenzari.
 36793 | D:15     | Reached skill level 3 in Evocations
 36850 | D:15     | Found Qinla's Book Shop.
 37184 | Swamp:1  | Entered Level 1 of the Swamp
 37449 | Swamp:1  | Received a gift from Okawaru
 37449 | Swamp:1  | Reached XP level 16. HP: 156/159 MP: 21/21
 37725 | Swamp:1  | Received a gift from Okawaru
 38036 | Swamp:2  | Received a gift from Okawaru
 38037 | Swamp:2  | Got a warped helmet {god gift}
 38272 | Swamp:2  | Identified the +1 helmet of Zadghynuh {rElec rN+ MP-9}
                  | (Okawaru gifted it to you on level 2 of the Swamp)
 38383 | Swamp:2  | Reached skill level 7 in Armour
 38445 | Swamp:2  | Reached skill level 4 in Evocations
 38492 | Swamp:2  | Reached skill level 7 in Dodging
 38651 | Swamp:2  | Reached skill level 8 in Invocations
 38930 | Swamp:2  | Noticed a thorn hunter
 38937 | Swamp:2  | Killed a thorn hunter
 39900 | Swamp:3  | Received a gift from Okawaru
 39913 | Swamp:3  | Reached skill level 5 in Evocations
 39970 | Swamp:3  | Received a gift from Okawaru
 40129 | Swamp:3  | Noticed a thorn hunter
 40134 | Swamp:3  | Killed a thorn hunter
 40151 | Swamp:3  | Noticed Kirke
 40155 | Swamp:3  | Killed Kirke
 40200 | Swamp:3  | Noticed a thorn hunter
 40206 | Swamp:3  | Killed a thorn hunter
 40262 | Swamp:3  | Reached skill level 9 in Invocations
 40472 | Swamp:3  | Noticed a thorn hunter
 40485 | Swamp:3  | Killed a thorn hunter
 40781 | Swamp:4  | Entered Level 4 of the Swamp
 41120 | Swamp:4  | Noticed a thorn hunter
 41124 | Swamp:4  | Received a gift from Okawaru
 41131 | Swamp:4  | Killed a thorn hunter
 41131 | Swamp:4  | Reached skill level 6 in Evocations
 41149 | Swamp:4  | Reached skill level 8 in Armour
 41160 | Swamp:4  | Reached XP level 17. HP: 164/166 MP: 24/24
 41165 | Swamp:4  | Reached skill level 8 in Dodging
 41189 | Swamp:4  | Reached skill level 19 in Fighting
 41455 | Swamp:4  | Got a decaying rune of Zot
 41496 | Swamp:4  | Received a gift from Okawaru
 41505 | Swamp:4  | Reached skill level 10 in Invocations
 41781 | Swamp:4  | Received a gift from Okawaru
 42254 | Spider:1 | Entered Level 1 of the Spider Nest
 42371 | Spider:1 | Got a vibrating ruby amulet
 43860 | Spider:2 | Reached skill level 9 in Armour
 43901 | Spider:2 | Reached skill level 9 in Dodging
 44130 | Spider:2 | You fall through a shaft!
 44421 | Spider:2 | Received a gift from Okawaru
 44489 | Spider:2 | Noticed Arachne
 44915 | Spider:2 | Killed Arachne
 44915 | Spider:2 | Received a gift from Okawaru
 45332 | Spider:2 | Identified the amulet of the Scavenger {Faith Stlth+} (You
                  | acquired it on level 1 of the Spider Nest)
 45406 | Spider:2 | Received a gift from Okawaru
 46033 | Spider:2 | Upgraded the game from 0.24-a0-3-g5a199981cb to
                  | 0.24-a0-7-g1bb0902669
 46286 | Spider:3 | Received a gift from Okawaru
 46291 | Spider:3 | Reached XP level 18. HP: 156/178 MP: 25/25
 46335 | Spider:3 | Received a gift from Okawaru
 46965 | Spider:4 | Entered Level 4 of the Spider Nest
 47165 | Spider:4 | Received a gift from Okawaru
 47165 | Spider:4 | Reached skill level 10 in Armour
 47184 | Spider:4 | Reached skill level 10 in Dodging
 47233 | Spider:4 | Reached skill level 20 in Fighting
 47260 | Spider:4 | Received a gift from Okawaru
 47506 | Spider:4 | Found a runed translucent gate.
 47506 | Spider:4 | Found a runed translucent gate.
 47506 | Spider:4 | Found a runed translucent gate.
 47512 | Spider:4 | Noticed P0WERM0DE's ghost (adept DDFi)
 48040 | Spider:4 | Reached skill level 1 in Staves
 48613 | Spider:4 | Reached skill level 2 in Staves
 49317 | Spider:4 | Got a gossamer rune of Zot
 49758 | Spider:4 | Killed P0WERM0DE's ghost
 49758 | Spider:4 | Received a gift from Okawaru
 49758 | Spider:4 | Reached skill level 3 in Staves
 49870 | Spider:4 | Got a transparent helmet
 49881 | Spider:4 | Identified the +2 helmet "Waraew Luot" {Regen+ Dex+2
                  | Stlth+} (You found it on level 4 of the Spider Nest)
 50231 | D:6      | Bought a book of Debilitation for 480 gold pieces
 50235 | D:6      | Learned a level 3 spell: Portal Projectile
 50240 | D:6      | Learned a level 4 spell: Cause Fear
 50441 | Vaults:1 | Entered Level 1 of the Vaults
 50464 | Vaults:1 | Received a gift from Okawaru
 50585 | Vaults:1 | Received a gift from Okawaru
 50814 | Vaults:1 | Reached skill level 1 in Hexes
 50866 | Vaults:1 | Reached skill level 1 in Translocations
 50876 | Vaults:1 | Received a gift from Okawaru
 50876 | Vaults:1 | Reached skill level 1 in Spellcasting
 51126 | Vaults:1 | Got a smoking tin ring
 51223 | Vaults:1 | Identified the ring "Boyzuoxe" {Str+3 Int+5} (You found it
                  | on level 1 of the Vaults)
 51383 | Vaults:1 | Reached XP level 19. HP: 176/187 MP: 26/26
 51386 | Vaults:1 | Reached skill level 2 in Hexes
 51393 | Vaults:1 | Reached skill level 2 in Translocations
 51540 | Vaults:1 | Reached skill level 2 in Spellcasting
 51615 | Vaults:1 | Reached skill level 4 in Staves
 51765 | Vaults:1 | Received a gift from Okawaru
 51847 | Vaults:1 | Reached skill level 3 in Translocations
 51862 | Vaults:1 | Reached skill level 3 in Hexes
 52752 | Vaults:2 | Noticed Xtahua
 52779 | Vaults:2 | Killed Xtahua
 52999 | Vaults:2 | Reached skill level 3 in Spellcasting
 53098 | Vaults:2 | Reached skill level 11 in Armour
 53098 | Vaults:2 | Reached skill level 11 in Dodging
 53235 | Vaults:2 | Reached skill level 5 in Staves
 53452 | Vaults:2 | Reached skill level 4 in Translocations
 53458 | Vaults:2 | Received a gift from Okawaru
 53465 | Vaults:2 | Reached skill level 4 in Hexes
 53725 | Vaults:2 | Found a runed translucent gate.
 53725 | Vaults:2 | Found a runed translucent gate.
 53725 | Vaults:2 | Found a runed translucent gate.
 53728 | Vaults:2 | Noticed Qyisuosupp's ghost (adept MiBe)
 53781 | Vaults:2 | Noticed Jory
 53796 | Vaults:2 | Killed Jory
 53909 | Vaults:2 | Received a gift from Okawaru
 54133 | Vaults:2 | Found a staircase to the Crypt.
 54665 | D:7      | Killed guttsta's ghost
 55200 | Vaults:2 | Killed Qyisuosupp's ghost
 55200 | Vaults:2 | Reached skill level 4 in Spellcasting
 55454 | Vaults:2 | Got a pair of faintly glowing gloves
 55465 | Vaults:2 | Identified the cursed +0 pair of gloves of Protective
                  | Custody {*Corrode rPois Str-4 Int+6} (You found it on level
                  | 2 of the Vaults)
 55726 | Vaults:3 | Reached skill level 5 in Translocations
 55732 | Vaults:3 | Reached skill level 5 in Hexes
 55751 | Vaults:3 | Reached skill level 6 in Staves
 55776 | Vaults:3 | Reached XP level 20. HP: 195/195 MP: 27/27
 55819 | Vaults:3 | Received a gift from Okawaru
 55985 | Vaults:3 | Received a gift from Okawaru
 56328 | Vaults:3 | Reached skill level 21 in Fighting
 56330 | Vaults:3 | Reached skill level 6 in Translocations
 56358 | Vaults:3 | Reached skill level 6 in Hexes
 56624 | Vaults:3 | Found a portal to a secret trove of treasure.
 57055 | Vaults:3 | Reached skill level 7 in Staves
 57523 | Vaults:4 | Received a gift from Okawaru
 57981 | Vaults:4 | Received a gift from Okawaru
 58093 | Vaults:4 | Received a gift from Okawaru
 58093 | Vaults:4 | Reached skill level 7 in Translocations
 58095 | Vaults:4 | Reached skill level 7 in Hexes
 58252 | Vaults:4 | Reached skill level 8 in Staves
 58932 | Vaults:4 | Reached skill level 9 in Staves
 58954 | Vaults:4 | Received a gift from Okawaru
 59509 | Vaults:4 | Reached XP level 21. HP: 206/206 MP: 28/28
 60103 | Elf:1    | Entered Level 1 of the Elven Halls
 60223 | Elf:1    | Noticed Nikola
 60238 | Elf:1    | Killed Nikola
 60238 | Elf:1    | Received a gift from Okawaru
 60238 | Elf:1    | Reached skill level 10 in Staves
 60287 | Elf:1    | Found Metam's Armour Emporium.
 60671 | Vaults:2 | Got a pitted centaur barding {god gift}
 60682 | Vaults:2 | Identified the +0 centaur barding "Koum" {Str+3 Dex+4}
                  | (Okawaru gifted it to you on level 2 of the Vaults)
 61055 | Elf:1    | Noticed Frances
 61063 | Elf:1    | Killed Frances
 61063 | Elf:1    | Reached skill level 22 in Fighting
 61339 | Elf:1    | Identified the Guide on Calling
 61362 | Elf:1    | Received a gift from Okawaru
 61363 | Elf:1    | Got a faintly glowing triple crossbow {god gift}
 61378 | Elf:1    | Identified the +1 triple crossbow "Sifor" {freeze, Str+6
                  | Dex+2} (Okawaru gifted it to you on level 1 of the Elven
                  | Halls)
 61484 | Elf:1    | Noticed Roxanne
 61498 | Elf:1    | Killed Roxanne
 61565 | Elf:1    | Identified Sif Muna's Guide on Icy Illusion
 62195 | Elf:2    | Received a gift from Okawaru
 62199 | Elf:2    | Got a polished scale mail {god gift}
 62212 | Elf:1    | Identified the +0 scale mail of Vocokh {Dex+3 Stlth+}
                  | (Okawaru gifted it to you on level 2 of the Elven Halls)
 62517 | Elf:2    | Found a runed translucent gate.
 62517 | Elf:2    | Found a runed translucent gate.
 62517 | Elf:2    | Found a runed translucent gate.
 62541 | Elf:2    | Noticed Azrael
 62542 | Elf:2    | Noticed Donald
 62552 | Elf:2    | Noticed Louise
 62564 | Elf:2    | Killed Azrael
 62578 | Elf:2    | Killed Donald
 62609 | Elf:2    | Killed Louise
 62816 | Elf:2    | Reached skill level 23 in Fighting
 63499 | Elf:2    | Reached skill level 8 in Hexes
 63941 | Elf:3    | Entered Level 3 of the Elven Halls
 64072 | Elf:3    | Reached skill level 9 in Hexes
 64110 | Elf:3    | Received a gift from Okawaru
 64543 | Elf:3    | Reached XP level 22. HP: 220/220 MP: 30/30
 64616 | Elf:3    | Identified the Incunabulum of Conjuration
 64672 | Elf:3    | Reached skill level 11 in Invocations
 64712 | Elf:3    | Reached skill level 10 in Hexes
 64798 | Elf:3    | Got an ancient longbow
 64799 | Elf:3    | Identified the +7 longbow of the Valley {flame, rPois
                  | Dex+3} (You found it on level 3 of the Elven Halls)
 64889 | Elf:3    | Reached skill level 12 in Invocations
 64921 | Elf:3    | Received a gift from Okawaru
 65132 | Elf:3    | Received a gift from Okawaru
 65182 | Elf:3    | Identified the +8 trident "Lytzunus" {flame, rC+}
 65329 | Elf:3    | Found Quughid's Gadget Shoppe.
 65678 | Elf:3    | Received a gift from Okawaru
 65679 | Elf:3    | Identified the +4 lajatang "Beastbane" {flame, +Rage +Fly
                  | Dex+4 Stlth-}
 66354 | Slime:1  | Entered Level 1 of the Pits of Slime
 66779 | Slime:2  | Received a gift from Okawaru
 66786 | Slime:2  | Got a scorched helmet {god gift}
 66797 | Slime:2  | Identified the -1 helmet of the Country {rC+ rN+ SInv}
                  | (Okawaru gifted it to you on level 2 of the Pits of Slime)
 67443 | Slime:3  | Gained mutation: You have a pair of small horns on your
                  | head. [a shining eye]
 68980 | Slime:5  | Entered Level 5 of the Pits of Slime
 69076 | Slime:5  | Noticed the Royal Jelly
 69077 | Slime:5  | Found a viscous altar of Jiyva.
 69108 | Slime:5  | Killed the Royal Jelly
 69108 | Slime:5  | Received a gift from Okawaru
 69178 | Slime:4  | Reached skill level 11 in Hexes
 69537 | Slime:4  | Gained mutation: You are dopey. (Int -2) [a shining eye]
 69611 | Slime:5  | Received a gift from Okawaru
 69740 | Slime:5  | Received a gift from Okawaru
 69973 | Slime:5  | Got a bloodstained plate armour
 69984 | Slime:5  | Identified the +1 plate armour of the Boiling Point {rN+}
                  | (You found it on level 5 of the Pits of Slime)
 70011 | Slime:5  | Got a slimy rune of Zot
 70139 | Slime:5  | Identified the Disquisition on Unholy Attacks
 70221 | Slime:5  | Reached XP level 23. HP: 213/227 MP: 24/32
 71902 | Depths:1 | Entered Level 1 of the Depths
 71938 | Depths:1 | Received a gift from Okawaru
 71938 | Depths:1 | Reached skill level 12 in Armour
 71938 | Depths:1 | Reached skill level 12 in Dodging
 72225 | Depths:1 | Found a one-way gate to the infinite horrors of the Abyss.
 72245 | Depths:1 | Found a one-way gate leading to the halls of Pandemonium.
 72318 | Depths:1 | Found Panworch's Armour Shoppe.
 72533 | Depths:1 | Found a magical portal.
 72538 | WizLab   | Entered Lehudib's Moon Base
 73110 | WizLab   | Reached skill level 12 in Hexes
 73509 | WizLab   | Received a gift from Okawaru
 73904 | WizLab   | Received a gift from Okawaru
 74007 | WizLab   | Found a transporter.
 74008 | WizLab   | Found the +9 staff of Olgreb {rPois}
 74022 | WizLab   | Got a heavily runed ring mail {god gift}
 74033 | WizLab   | Identified the +3 ring mail "Joigauv" {Int+5 Stlth+}
                  | (Okawaru gifted it to you in a wizard's laboratory)
 74191 | WizLab   | Found a transporter.
 74563 | WizLab   | Reached skill level 24 in Fighting
 74602 | WizLab   | Upgraded the game from 0.24-a0-7-g1bb0902669 to
                  | 0.24-a0-19-g0b81bb8f68
 74669 | WizLab   | Identified Lehudib's Guide on the Mountains and the Compass
 75053 | Depths:1 | Found a runed translucent gate.
 75053 | Depths:1 | Found a runed translucent gate.
 75053 | Depths:1 | Found a runed translucent gate.
 75053 | Depths:1 | Found a runed translucent gate.
 75053 | Depths:1 | Found a runed translucent gate.
 75053 | Depths:1 | Found a runed translucent gate.
 75054 | Depths:1 | Found the +2 Maxwell's thermic engine {flame, freeze}
 75855 | Depths:1 | Reached skill level 13 in Armour
 75858 | Depths:1 | Reached skill level 13 in Dodging
 76191 | Depths:1 | Found a gateway to Hell.
 76437 | Depths:2 | Found a gateway to a ziggurat.
 76503 | Depths:1 | Received a gift from Okawaru
 76742 | Depths:2 | Reached XP level 24. HP: 220/238 MP: 32/32
 76815 | Depths:2 | Reached skill level 13 in Invocations
 76834 | Depths:2 | Received a gift from Okawaru
 77443 | Depths:2 | Received a gift from Okawaru
 77676 | Depths:2 | Reached skill level 14 in Invocations
 78371 | Depths:3 | Received a gift from Okawaru
 78632 | Depths:2 | Received a gift from Okawaru
 78651 | Depths:2 | Reached skill level 15 in Invocations
 80367 | Depths:3 | Reached skill level 16 in Invocations
 80438 | Depths:3 | Received a gift from Okawaru
 81117 | Depths:3 | Noticed an ancient lich
 81130 | Depths:3 | Killed an ancient lich
 81232 | Depths:3 | Reached skill level 17 in Invocations
 81385 | Depths:3 | Identified the Disquisition on Shifting Stolen Souls
 81388 | Depths:3 | Got an ichor-stained ring mail
 81399 | Depths:3 | Identified the cursed +0 ring mail of Kenlo {rElec} (You
                  | found it on level 3 of the Depths)
 82568 | Depths:4 | Reached skill level 18 in Invocations
 83228 | Depths:4 | Received a gift from Okawaru
 83692 | Depths:4 | Reached XP level 25. HP: 233/245 MP: 36/36
 83800 | Depths:4 | Reached skill level 19 in Invocations
 84068 | Depths:4 | Identified the ring of Ughup {rN+ MP+9 Str+3 Int+4}
 84316 | Depths:4 | Noticed a juggernaut
 84335 | Depths:4 | Killed a juggernaut
 84559 | Depths:4 | Received a gift from Okawaru
 84564 | Depths:4 | Reached skill level 20 in Invocations
 84564 | Depths:4 | Reached XP level 26. HP: 254/254 MP: 37/37
 84797 | Depths:4 | Got a crude cloak
 84808 | Depths:4 | Identified the cursed +0 cloak "Rudio" {Dex+2} (You found
                  | it on level 4 of the Depths)
 84879 | Depths:5 | Entered Level 5 of the Depths
 85213 | Depths:5 | Found Petyh's Jewellery Shop.
 85214 | Depths:5 | Found Cujaolan's Gadget Emporium.
 85215 | Depths:5 | Found Atipus's Jewellery Shop.
 85588 | Depths:5 | Found a gate to the Realm of Zot.
 86201 | Depths:5 | Reached skill level 21 in Invocations
 86501 | Depths:5 | Received a gift from Okawaru
 86956 | Depths:5 | Upgraded the game from 0.24-a0-19-g0b81bb8f68 to
                  | 0.24-a0-27-gca774cb5d5
 87238 | Crypt:1  | Entered Level 1 of the Crypt
 87306 | Vaults:2 | Received a gift from Okawaru
 87307 | Vaults:2 | Got a scorched quarterstaff {god gift}
 87308 | Vaults:2 | Identified the +0 quarterstaff "Gequlank" {freeze, rC-
                  | Str+5} (Okawaru gifted it to you on level 2 of the Vaults)
 88450 | Crypt:1  | Reached skill level 22 in Invocations
 88685 | Crypt:1  | Received a gift from Okawaru
 88906 | Crypt:1  | Received a gift from Okawaru
 89479 | Crypt:2  | Identified the +6 morningstar of Drought {crush, rElec rF+
                  | Str+4 Dex+3}
 89572 | Crypt:2  | Received a gift from Okawaru
 89746 | Crypt:2  | Learned a level 2 spell: Blink
 89789 | Crypt:2  | Learned a level 1 spell: Apportation
 89906 | Crypt:2  | Reached skill level 23 in Invocations
 90345 | Crypt:2  | Noticed Frederick
 90366 | Crypt:2  | Killed Frederick
 90689 | Crypt:3  | Entered Level 3 of the Crypt
 90715 | Crypt:3  | Reached XP level 27. HP: 257/261 MP: 38/38
 90765 | Crypt:3  | Received a gift from Okawaru
 91261 | Crypt:3  | Reached skill level 24 in Invocations
 91441 | Crypt:3  | Noticed an ancient lich
 91452 | Crypt:3  | Killed an ancient lich
 91453 | Crypt:3  | Found an ancient bone altar of Kikubaaqudgha.
 91477 | Crypt:3  | Found a staircase to the Tomb.
 91478 | Crypt:3  | Found the +8 whip "Snakebite" {curare, rPois}
 91898 | Crypt:3  | Cast into level 2 of the Abyss (vampire knight)
 92513 | Crypt:3  | Escaped the Abyss
 92945 | Crypt:3  | Identified the Tome of Necromancy
 93468 | Vaults:5 | Entered Level 5 of the Vaults
 93474 | Vaults:5 | Noticed an ancient lich
 93484 | Vaults:5 | Killed an ancient lich
 93494 | Vaults:5 | Received a gift from Okawaru
 93861 | Vaults:5 | Reached skill level 14 in Armour
 93861 | Vaults:5 | Reached skill level 14 in Dodging
 94128 | Vaults:5 | Received a gift from Okawaru
 94407 | Vaults:5 | Identified the ring "Gofymo" {+Blink +Inv rC+ Int+3}
 94411 | Vaults:5 | Identified the +2 broad axe of Past Mistakes {pain, Dex+4}
 94425 | Vaults:5 | Identified the +6 rapier "Kipsucs" {distort, rN+ Str+4
                  | Int-4}
 94561 | Vaults:5 | Cast into level 3 of the Abyss (a deep elf demonologist)
 94861 | Vaults:5 | Escaped the Abyss
 94874 | Vaults:5 | Identified the ring "Sunod" {rF+ rN+ Dex+3}
 94882 | Vaults:5 | Noticed an ancient lich
 94934 | Vaults:5 | Killed an ancient lich
 95243 | Vaults:5 | Received a gift from Okawaru
 95268 | Vaults:5 | Reached skill level 15 in Armour
 95268 | Vaults:5 | Reached skill level 15 in Dodging
 95350 | Vaults:5 | Found Niexzam's Food Shoppe.
 95642 | Vaults:5 | Identified the ring "Viedoy" {rPois MR+ Str+4 Int-2 Stlth+}
 95805 | Vaults:5 | Identified the amulet "Puxavvyc" {Spirit rC+ Int+6}
 96060 | Vaults:5 | Got a silver rune of Zot
 96552 | Vaults:5 | Identified Dispater's Catalogue of Creative Combat Magic
 96720 | Vaults:5 | Got a brightly glowing centaur barding
 96731 | Vaults:5 | Identified the +2 centaur barding of the Queen {MR- rCorr
                  | Str+5 Dex+3} (You acquired it on level 5 of the Vaults)
 97110 | Depths:4 | Learned a level 2 spell: Passwall
 97117 | Depths:4 | Learned a level 6 spell: Invisibility
 97785 | Zot:1    | Entered Level 1 of the Realm of Zot
 97808 | Zot:1    | Reached skill level 1 in Transmutations
 97808 | Zot:1    | Reached skill level 1 in Earth Magic
 97821 | Depths:5 | Received a gift from Okawaru
 98080 | Zot:1    | Reached skill level 2 in Transmutations
 98080 | Zot:1    | Reached skill level 2 in Earth Magic
 98238 | Zot:1    | Reached skill level 3 in Transmutations
 98238 | Zot:1    | Reached skill level 3 in Earth Magic
 98677 | Zot:1    | Got a slimy brass ring
 98767 | Zot:1    | Reached skill level 25 in Invocations
 98782 | Zot:1    | Reached skill level 4 in Transmutations
 98782 | Zot:1    | Reached skill level 4 in Earth Magic
100006 | Zot:2    | Reached skill level 25 in Fighting
100095 | Zot:2    | Identified the ring of the Greedy {rF- rC+ rN+ Stlth-} (You
                  | found it on level 1 of the Realm of Zot)
100151 | Zot:2    | Received a gift from Okawaru
100540 | Zot:2    | Received a gift from Okawaru
100577 | Zot:3    | Received a gift from Okawaru
100915 | Zot:3    | Received a gift from Okawaru
100920 | Zot:3    | Got a bloodstained quarterstaff {god gift}
100921 | Zot:3    | Identified the +11 quarterstaff of Bodily Harmony {flame,
                  | rF+ rC+ Dex+4} (Okawaru gifted it to you on level 3 of the
                  | Realm of Zot)
101607 | Zot:3    | Reached skill level 26 in Invocations
101726 | Zot:4    | Received a gift from Okawaru
102613 | Zot:4    | Received a gift from Okawaru
102882 | Zot:5    | Entered Level 5 of the Realm of Zot
102899 | Zot:5    | Reached skill level 26 in Fighting
102935 | Zot:5    | Received a gift from Okawaru
103304 | Zot:5    | Noticed an ancient lich
103305 | Zot:5    | Noticed an orb of fire
103305 | Zot:5    | Gained mutation: Scrolls take you a little longer to read.
                  | [an orb of fire]
103309 | Zot:5    | Noticed an ancient lich
103310 | Zot:5    | Killed an ancient lich
103317 | Zot:5    | Cast into level 5 of the Abyss (the power of Zot)
103317 | Abyss:5  | Entered Level 5 of the Abyss
103504 | Zot:5    | Escaped the Abyss
103527 | Zot:5    | HP: 23/269 [Killer Klown/klown pie (31)]
103529 | Zot:5    | HP: 4/269 [Orb Guardian (25)]
103529 | Zot:5    | Mangled by a death cob

Vault maps used:
D:1:      lightli_arrival_farm, minmay_cupped
D:2:      minmay_recursive_quarters, lemuel_coloured_pillars_altar,
          kennysheep_path_1
D:3:      kennysheep_six_static_rooms, grunt_temple_overflow_open,
          chequers_ecumenical_altar_simple
D:4:      grunt_dithmenos_smoke, serial_shops, nicolae_shop_stone,
          nicolae_shop_trees, nicolae_shop_behind_doors, first_ration,
          uniq_robin
D:5:      grunt_gozag_breadcrumbs, uniq_crazy_yiuf_cottage, uniq_blork_the_orc
D:6:      wander_river, lemuel_doored_altar, serial_shops, shop, tso_metal_star
D:7:      minmay_temple_entry_proselytizer, gammafunk_ghost_split,
          kennysheep_potato
D:8:      hangedman_little_slice_of_home, grunt_tough_drop, uniq_harold
D:9:      minmay_the_grid_triangle_9x9_recursive_2, serial_shops, shop,
          grunt_ministairs_15, uniq_maurice
D:10:     lair_entry_dummy, david_orc_5
D:11:     basic_altar
D:13:     minmay_diamond_stairs, minmay_bent, uniq_josephine, uniq_erolcha
D:14:     erik_vaults_1, onia_ninara_dug_in_and_dangerous, uniq_rupert
D:15:     grunt_enter_depths_magical_seal, lemuel_altar_in_water, serial_shops,
          nicolae_shop_crystal
Lair:1:   serial_bayou_shore_a
Lair:2:   minmay_swamp_entry_worms, serial_rivers,
          chequers_serial_rivers_room_a, chequers_serial_rivers_micro_a,
          chequers_serial_rivers_micro_e, chequers_serial_rivers_micro_c,
          chequers_serial_rivers_small_b, chequers_serial_rivers_small_a,
          minmay_lair_oklob_chamber
Lair:3:   dummy_spider_entry
Lair:5:   statuecave_lemuel, gauntlet_entry_generic, lemuel_fruit_tree,
          infiniplex_staircase_pool_2
Lair:6:   due_jungle_book, slime_altar_1, chequers_serial_rivers_micro_d,
          minmay_lindwurm_lava, uniq_urug
Swamp:1:  infiniplex_staircase_pool
Swamp:2:  hangedman_swamp_lotus
Swamp:3:  evilmike_swamp_ruin_rubble_1, uniq_kirke
Swamp:4:  swamp_basic_johnstein
Spider:1: drop_trap
Spider:2: nicolae_arachne_temple, nicolae_spider_cling_halls, uniq_arachne
Spider:4: grunt_spider_rune_circles, gammafunk_ghost_tricky_traps
Slime:2:  cheibrodos_slime_lost_civilization_6
Slime:3:  nicolae_slime_barrier
Orc:1:    nicolae_orc_accident_3, serial_shops, nicolae_shop_waterfront,
          mines1_david
Orc:2:    st_orc_town, portal_ice_cave_entry_imps, nicolae_orc_rockfall,
          nicolae_orc_pool_cavern
Elf:1:    eino_elf_arrival_customs, serial_shops, shop, minmay_elf_demonology,
          minivault_25_ag, grunt_ministairs_9, uniq_roxanne, uniq_nikola,
          uniq_frances
Elf:2:    minmay_checkered_concentric_circles, uniq_louise, uniq_azrael,
          uniq_donald
Elf:3:    nooodl_elf_gasket, serial_shops, nicolae_shop_waterfront
Vaults:1: vaults_standard_mumra_lines, v_misc_29, nicolae_vaults_alarming,
          vaults_dpeg_hooks, nicolae_vaults_what_the_h, grunt_vaults_trifunnel,
          hangedman_vaults_stream, v_misc_8, grunt_vaults_hallway_short,
          hangedman_vaults_stretched_pinwheel,
          nicolae_vaults_diagonal_hallway_7, nicolae_vaults_ring_of_whatevers
Vaults:2: gammafunk_vaults_ghost_tricky_traps, v_misc_29,
          nicolae_vaults_windows_and_doors_thing, v_misc_11,
          nicolae_vaults_mini_display_case, blue_anna_dwarven_crypt,
          vaults_standard_mumra_enter_the_diamond, vaults_room_grid,
          ontoclasm_vaults_misaligned, hangedman_vaults_stitches,
          nicolae_vaults_shelves_hall, vaults_room_pool, vaults_dpeg_ring,
          vaults_dpeg_encased_lava, ontoclasm_vaults_gateway, uniq_jory,
          uniq_xtahua
Vaults:3: v_misc_24, vaults_mumra_hex, hangedman_vaults_pinch,
          grunt_vaults_diagonal, ontoclasm_vaults_shuriken,
          vaults_room_door_ring, nicolae_vaults_little_squares_1,
          hangedman_vaults_nails, nicolae_vaults_gold_heap,
          nicolae_trove_entry_diagonal
Vaults:4: v_rooms_2, nicolae_vaults_ninety_degrees, v_alt_pattern_4,
          ontoclasm_vaults_idyll, v_misc_10, nicolae_vaults_little_squares_1,
          nicolae_vaults_minivaults, vaults_room_hallway
Crypt:1:  minmay_skeleton_keep
Crypt:2:  hangedman_screamer, lemuel_elevator, uniq_frederick
Crypt:3:  cryptofortress_bobbens
Depths:1: minmay_misc_feat_more_columns, infiniplex_enter_wizlab_spiral,
          rand_demon_pan_entry_5, hell_entry, abyss_entry, serial_shops,
          shop_fountains, drop_trap, brannock_guarded_unrand_thermic_engine,
          serial_bayou_shore_b
Depths:2: cheibrodos_quadrivalence, enter_ziggurat_f, grunt_pan_entry_zigzag,
          hell_entry, serial_bayou_lagoon_a
Depths:3: lemuel_river_lethe, hell_entry, pan_entry
Depths:4: cheibrodos_hall_of_evolution, abyss_entry, grunt_hell_entry_dis_old,
          bh_chokoban, minmay_liquid_box, minmay_staircase_bubble
Depths:5: evilmike_zot_entry_argh, pan_entry, hangedman_abyss_or_decor_clamps,
          hell_entry, minmay_shop_grove
Zot:2:    st_small_dragon_hoard_5
Abyss:2:  evilmike_abyss_exit_10
Abyss:3:  evilmike_abyss_exit_7
Abyss:5:  hangedman_abyss_overflow_altar, nicolae_abyss_rune_left_handed,
          hangedman_abyss_or_decor_stagger, evilmike_abyss_exit_glass
IceCv:    ice_cave_small_demon
WizLab:   wizlab_lehudib
Gauntlet: minmay_gauntlet_mixed_big_or_small

Skill      XL: |  1  2  3  4  5  6  7  8  9 10 11 12 13 14 15 16 17 18 19 20 21 22 23 24 25 26 27 |
---------------+----------------------------------------------------------------------------------+-----
Stealth        | 1 |  1.0
Dodging        | 2 3 5 6 7 9 10 11 13 15 | 15.0
Bows           | 6 7 8 9 11 13 14 16 17 18 20 | 20.0
Fighting       | 3 4 5 6 8 10 11 12 13 14 16 18 19 20 21 23 24 26 | 26.2
Invocations    | 4 6 7 9 10 12 18 20 23 26 | 26.2
Armour         | 3 5 6 8 9 10 11 13 15 | 15.0
Evocations     | 3 6 |  6.0
Staves         | 3 6 9 10 | 10.0
Hexes          | 1 5 7 9 11 12 | 12.3
Translocations | 1 5 7 |  7.0
Spellcasting   | 1 4 |  4.0
Transmutations | 4 |  4.0
Earth Magic    | 4 |  4.0

Action                   |  1- 3 |  4- 6 |  7- 9 | 10-12 | 13-15 | 16-18 | 19-21 | 22-24 | 25-27 || total
-------------------------+-------+-------+-------+-------+-------+-------+-------+-------+-------++-------
Melee: Short sword       |   118 |    13 |       |       |       |       |       |       |       ||   131
       Kick              |    17 |    42 |    46 |    22 |    24 |    14 |    35 |   157 |   354 ||   711
       Whip              |       |   193 |   200 |    84 |    40 |       |       |       |       ||   517
       Long sword        |       |       |       |       |    13 |    39 |    68 |       |       ||   120
       Longbow           |       |       |       |       |       |       |     2 |       |       ||     2
       Punch             |       |       |       |       |       |       |     2 |       |       ||     2
       Quarterstaff      |       |       |       |       |       |       |     1 |       |       ||     1
       Lajatang          |       |       |       |       |       |       |       |   288 |   560 ||   848
       Headbutt          |       |       |       |       |       |       |       |    92 |   206 ||   298
 Fire: Shortbow          |    12 |    31 |   355 |   651 |    63 |       |       |       |       ||  1112
       Longbow           |       |       |       |   242 |  1332 |  1871 |  1997 |  2077 |  2601 || 10120
Throw: Throwing net      |       |       |       |       |       |       |     1 |     3 |       ||     4
 Cast: Portal Projectile |       |       |       |       |       |       |     6 |    20 |    14 ||    40
       Cause Fear        |       |       |       |       |       |       |     1 |     2 |     5 ||     8
       Apportation       |       |       |       |       |       |       |       |       |    53 ||    53
       Blink             |       |       |       |       |       |       |       |       |     3 ||     3
Invok: Heroism           |       |       |     9 |    20 |    19 |    27 |    27 |    37 |    34 ||   173
       Finesse           |       |       |       |       |     1 |     4 |     7 |     7 |     5 ||    24
Evoke: Wand              |       |       |     1 |       |     1 |     8 |       |       |     4 ||    14
  Use: Scroll            |     2 |     6 |    11 |     3 |    17 |    20 |     5 |     9 |    14 ||    87
       Potion            |       |     1 |     2 |     1 |     4 |    10 |     2 |     4 |     6 ||    30
 Stab: Paralysed         |       |       |       |       |       |       |       |       |     2 ||     2
       Sleeping          |       |       |       |       |       |       |       |       |     1 ||     1
  Eat: Chunk             |     1 |    10 |    15 |    22 |    24 |    27 |    31 |    16 |    31 ||   177
       Ration            |       |       |     2 |     1 |     6 |     2 |       |    10 |     6 ||    27
Armor: Leather armour    |     4 |       |       |       |       |       |       |       |       ||     4
       Scale mail        |    45 |   113 |   141 |   100 |    61 |       |       |       |       ||   460
       Pearl dragon scal |       |       |       |       |    16 |       |       |       |       ||    16
       Chain mail        |       |       |       |       |    42 |       |       |       |       ||    42
       Fire dragon scale |       |       |       |       |   183 |   562 |   333 |   546 |   720 ||  2344
Dodge: Dodged            |    42 |    61 |   127 |    73 |   209 |   314 |   186 |   606 |   938 ||  2556
       Rpst.: Long sword |       |       |       |       |     1 |       |     2 |       |       ||     3

Table legend:
 A = Non-vault XP
 B = Vault XP
 C = Vault XP percentage of total XP
 D = Non-vault monster count
 E = Vault monster count
 F = Vault count percentage of total count
                 A         B        C        D         E       F
            +---------+---------+-------+---------+---------+-------
      Total |  956718 |  890116 |  48.2 |    1757 |    1157 |  39.7
            +---------+---------+-------+---------+---------+-------
        D:1 |      47 |       3 |   6.0 |      25 |       2 |   7.4
        D:2 |     104 |      15 |  12.6 |      25 |       6 |  19.4
        D:3 |     184 |      22 |  10.7 |      26 |       6 |  18.8
        D:4 |     506 |      29 |   5.4 |      31 |       8 |  20.5
        D:5 |     358 |     135 |  27.4 |      21 |       2 |   8.7
        D:6 |     811 |       0 |   0.0 |      24 |       0 |   0.0
        D:7 |    1331 |    1119 |  45.7 |      19 |       6 |  24.0
        D:8 |    1454 |    1360 |  48.3 |      30 |      10 |  25.0
        D:9 |    3157 |    6116 |  66.0 |      31 |      24 |  43.6
       D:10 |    1765 |     880 |  33.3 |      16 |      22 |  57.9
       D:11 |    1008 |       0 |   0.0 |       5 |       0 |   0.0
       D:12 |    7899 |       0 |   0.0 |      36 |       0 |   0.0
       D:13 |    4094 |   11576 |  73.9 |      26 |      20 |  43.5
       D:14 |    6007 |    7388 |  55.2 |      21 |      10 |  32.3
       D:15 |   22678 |   10081 |  30.8 |      44 |      13 |  22.8
     Lair:1 |      57 |       0 |   0.0 |       1 |       0 |   0.0
     Lair:2 |    8627 |    1122 |  11.5 |      26 |       2 |   7.1
     Lair:3 |   12946 |       0 |   0.0 |      41 |       0 |   0.0
     Lair:4 |    2845 |       0 |   0.0 |      15 |       0 |   0.0
     Lair:5 |    4624 |       0 |   0.0 |      19 |       0 |   0.0
     Lair:6 |   13610 |    6151 |  31.1 |      32 |      10 |  23.8
    Swamp:1 |    8294 |       0 |   0.0 |      19 |       0 |   0.0
    Swamp:2 |   20482 |       0 |   0.0 |      42 |       0 |   0.0
    Swamp:3 |   21894 |    2142 |   8.9 |      40 |       1 |   2.4
    Swamp:4 |   14294 |   21325 |  59.9 |      35 |      33 |  48.5
   Spider:1 |   15714 |    2067 |  11.6 |      49 |       5 |   9.3
   Spider:2 |   17485 |   13088 |  42.8 |      41 |      28 |  40.6
   Spider:3 |   15217 |    1260 |   7.6 |      46 |       3 |   6.1
   Spider:4 |   16847 |   31816 |  65.4 |      50 |      46 |  47.9
    Slime:1 |    6438 |       0 |   0.0 |      21 |       0 |   0.0
    Slime:2 |    6542 |       0 |   0.0 |       8 |       0 |   0.0
    Slime:3 |   10955 |       0 |   0.0 |      25 |       0 |   0.0
    Slime:4 |    6313 |       0 |   0.0 |      10 |       0 |   0.0
    Slime:5 |   30064 |   36093 |  54.6 |      50 |      18 |  26.5
      Orc:1 |    2624 |     272 |   9.4 |      34 |       6 |  15.0
      Orc:2 |    1840 |    5737 |  75.7 |      23 |      63 |  73.3
      Elf:1 |   18255 |   18879 |  50.8 |      29 |      19 |  39.6
      Elf:2 |   14425 |   35095 |  70.9 |      20 |      49 |  71.0
      Elf:3 |   14719 |   61084 |  80.6 |      20 |      40 |  66.7
   Vaults:1 |   28839 |   30481 |  51.4 |      41 |      59 |  59.0
   Vaults:2 |   26762 |   35312 |  56.9 |      39 |      41 |  51.2
   Vaults:3 |   34852 |   11338 |  24.5 |      49 |      14 |  22.2
   Vaults:4 |   47659 |   35421 |  42.6 |      68 |      36 |  34.6
   Vaults:5 |   39330 |  145337 |  78.7 |      47 |      94 |  66.7
    Crypt:1 |   16747 |   29871 |  64.1 |      28 |      55 |  66.3
    Crypt:2 |   20728 |   29296 |  58.6 |      31 |      34 |  52.3
    Crypt:3 |       0 |   62523 | 100.0 |       0 |      82 | 100.0
   Depths:1 |   21965 |   16506 |  42.9 |      26 |      18 |  40.9
   Depths:2 |   44555 |    8105 |  15.4 |      56 |      20 |  26.3
   Depths:3 |    3880 |   66056 |  94.5 |       4 |     114 |  96.6
   Depths:4 |   59349 |   17113 |  22.4 |      78 |      23 |  22.8
   Depths:5 |   30803 |   20172 |  39.6 |      22 |      11 |  33.3
      Zot:1 |   60611 |       0 |   0.0 |      39 |       0 |   0.0
      Zot:2 |   39891 |   10269 |  20.5 |      22 |       4 |  15.4
      Zot:3 |   52956 |       0 |   0.0 |      26 |       0 |   0.0
      Zot:4 |   29816 |       0 |   0.0 |      20 |       0 |   0.0
      Zot:5 |   21878 |    9758 |  30.8 |      12 |       2 |  14.3
    Abyss:2 |   19029 |       0 |   0.0 |      33 |       0 |   0.0
    Abyss:3 |    7512 |       0 |   0.0 |      18 |       0 |   0.0
    Abyss:5 |   10400 |    4566 |  30.5 |      19 |       2 |   9.5
      IceCv |       0 |    4895 | 100.0 |       0 |      27 | 100.0
     WizLab |    2642 |   73454 |  96.5 |       3 |      58 |  95.1
   Gauntlet |       0 |    4788 | 100.0 |       0 |      11 | 100.0
            +---------+---------+-------+---------+---------+-------

Vault maps used:
D:1:      lightli_arrival_farm, minmay_cupped
D:2:      minmay_recursive_quarters, lemuel_coloured_pillars_altar,
          kennysheep_path_1
D:3:      kennysheep_six_static_rooms, grunt_temple_overflow_open,
          chequers_ecumenical_altar_simple
D:4:      grunt_dithmenos_smoke, serial_shops, nicolae_shop_stone,
          nicolae_shop_trees, nicolae_shop_behind_doors, first_ration,
          uniq_robin
D:5:      grunt_gozag_breadcrumbs, uniq_crazy_yiuf_cottage, uniq_blork_the_orc
D:6:      wander_river, lemuel_doored_altar, serial_shops, shop, tso_metal_star
D:7:      minmay_temple_entry_proselytizer, gammafunk_ghost_split,
          kennysheep_potato
D:8:      hangedman_little_slice_of_home, grunt_tough_drop, uniq_harold
D:9:      minmay_the_grid_triangle_9x9_recursive_2, serial_shops, shop,
          grunt_ministairs_15, uniq_maurice
D:10:     lair_entry_dummy, david_orc_5
D:11:     basic_altar
D:13:     minmay_diamond_stairs, minmay_bent, uniq_josephine, uniq_erolcha
D:14:     erik_vaults_1, onia_ninara_dug_in_and_dangerous, uniq_rupert
D:15:     grunt_enter_depths_magical_seal, lemuel_altar_in_water, serial_shops,
          nicolae_shop_crystal
Lair:1:   serial_bayou_shore_a
Lair:2:   minmay_swamp_entry_worms, serial_rivers,
          chequers_serial_rivers_room_a, chequers_serial_rivers_micro_a,
          chequers_serial_rivers_micro_e, chequers_serial_rivers_micro_c,
          chequers_serial_rivers_small_b, chequers_serial_rivers_small_a,
          minmay_lair_oklob_chamber
Lair:3:   dummy_spider_entry
Lair:5:   statuecave_lemuel, gauntlet_entry_generic, lemuel_fruit_tree,
          infiniplex_staircase_pool_2
Lair:6:   due_jungle_book, slime_altar_1, chequers_serial_rivers_micro_d,
          minmay_lindwurm_lava, uniq_urug
Swamp:1:  infiniplex_staircase_pool
Swamp:2:  hangedman_swamp_lotus
Swamp:3:  evilmike_swamp_ruin_rubble_1, uniq_kirke
Swamp:4:  swamp_basic_johnstein
Spider:1: drop_trap
Spider:2: nicolae_arachne_temple, nicolae_spider_cling_halls, uniq_arachne
Spider:4: grunt_spider_rune_circles, gammafunk_ghost_tricky_traps
Slime:2:  cheibrodos_slime_lost_civilization_6
Slime:3:  nicolae_slime_barrier
Orc:1:    nicolae_orc_accident_3, serial_shops, nicolae_shop_waterfront,
          mines1_david
Orc:2:    st_orc_town, portal_ice_cave_entry_imps, nicolae_orc_rockfall,
          nicolae_orc_pool_cavern
Elf:1:    eino_elf_arrival_customs, serial_shops, shop, minmay_elf_demonology,
          minivault_25_ag, grunt_ministairs_9, uniq_roxanne, uniq_nikola,
          uniq_frances
Elf:2:    minmay_checkered_concentric_circles, uniq_louise, uniq_azrael,
          uniq_donald
Elf:3:    nooodl_elf_gasket, serial_shops, nicolae_shop_waterfront
Vaults:1: vaults_standard_mumra_lines, v_misc_29, nicolae_vaults_alarming,
          vaults_dpeg_hooks, nicolae_vaults_what_the_h, grunt_vaults_trifunnel,
          hangedman_vaults_stream, v_misc_8, grunt_vaults_hallway_short,
          hangedman_vaults_stretched_pinwheel,
          nicolae_vaults_diagonal_hallway_7, nicolae_vaults_ring_of_whatevers
Vaults:2: gammafunk_vaults_ghost_tricky_traps, v_misc_29,
          nicolae_vaults_windows_and_doors_thing, v_misc_11,
          nicolae_vaults_mini_display_case, blue_anna_dwarven_crypt,
          vaults_standard_mumra_enter_the_diamond, vaults_room_grid,
          ontoclasm_vaults_misaligned, hangedman_vaults_stitches,
          nicolae_vaults_shelves_hall, vaults_room_pool, vaults_dpeg_ring,
          vaults_dpeg_encased_lava, ontoclasm_vaults_gateway, uniq_jory,
          uniq_xtahua
Vaults:3: v_misc_24, vaults_mumra_hex, hangedman_vaults_pinch,
          grunt_vaults_diagonal, ontoclasm_vaults_shuriken,
          vaults_room_door_ring, nicolae_vaults_little_squares_1,
          hangedman_vaults_nails, nicolae_vaults_gold_heap,
          nicolae_trove_entry_diagonal
Vaults:4: v_rooms_2, nicolae_vaults_ninety_degrees, v_alt_pattern_4,
          ontoclasm_vaults_idyll, v_misc_10, nicolae_vaults_little_squares_1,
          nicolae_vaults_minivaults, vaults_room_hallway
Crypt:1:  minmay_skeleton_keep
Crypt:2:  hangedman_screamer, lemuel_elevator, uniq_frederick
Crypt:3:  cryptofortress_bobbens
Depths:1: minmay_misc_feat_more_columns, infiniplex_enter_wizlab_spiral,
          rand_demon_pan_entry_5, hell_entry, abyss_entry, serial_shops,
          shop_fountains, drop_trap, brannock_guarded_unrand_thermic_engine,
          serial_bayou_shore_b
Depths:2: cheibrodos_quadrivalence, enter_ziggurat_f, grunt_pan_entry_zigzag,
          hell_entry, serial_bayou_lagoon_a
Depths:3: lemuel_river_lethe, hell_entry, pan_entry
Depths:4: cheibrodos_hall_of_evolution, abyss_entry, grunt_hell_entry_dis_old,
          bh_chokoban, minmay_liquid_box, minmay_staircase_bubble
Depths:5: evilmike_zot_entry_argh, pan_entry, hangedman_abyss_or_decor_clamps,
          hell_entry, minmay_shop_grove
Zot:2:    st_small_dragon_hoard_5
Abyss:2:  evilmike_abyss_exit_10
Abyss:3:  evilmike_abyss_exit_7
Abyss:5:  hangedman_abyss_overflow_altar, nicolae_abyss_rune_left_handed,
          hangedman_abyss_or_decor_stagger, evilmike_abyss_exit_glass
IceCv:    ice_cave_small_demon
WizLab:   wizlab_lehudib
Gauntlet: minmay_gauntlet_mixed_big_or_small

Table legend:
 A = Turns spent in this place as a percentage of turns spent in the entire game.
 B = Non-inter-level travel turns spent in this place as a percentage of non-inter-level travel turns spent in the entire game.
 C = Inter-level travel turns spent in this place as a percentage of turns spent in this place.
 D = Turns resting spent in this place as a percentage of non-inter-level travel turns spent in this place.
 E = Turns spent auto-exploring this place as a percentage of non-inter-level travel turns spent in this place.
 F = Non-inter-level travel turns spent in this place divided by the number of levels of this place that you've seen.
                   A       B       C       D       E      F
               +-------+-------+-------+-------+-------+----------------------
         Total | 100.0 | 100.0 |   8.0 |  17.4 |  56.6 | 1512.4
       Dungeon |  25.2 |  24.4 |  11.1 |  20.2 |  59.3 | 1548.1
          Lair |   9.8 |   9.8 |   7.8 |  12.0 |  68.6 | 1558.8
         Swamp |   4.9 |   5.1 |   3.6 |  16.4 |  63.5 | 1210.0
   Spider Nest |   7.5 |   7.9 |   2.0 |  28.5 |  48.7 | 1890.5
    Slime Pits |   4.6 |   4.9 |   2.4 |  48.6 |  23.7 | 927.2
  Orcish Mines |   2.2 |   2.1 |  12.3 |   2.3 |  68.0 | 1007.0
   Elven Halls |   5.3 |   5.4 |   6.1 |  15.1 |  54.2 | 1706.3
        Vaults |  13.3 |  12.3 |  15.0 |   9.5 |  58.6 | 2339.6
         Crypt |   5.2 |   5.4 |   4.2 |   5.6 |  61.2 | 1710.0
        Depths |  12.0 |  11.9 |   8.7 |  15.6 |  56.9 | 2266.8
           Zot |   5.2 |   5.6 |   2.1 |  10.2 |  68.5 | 1058.2
         Abyss |   1.1 |   1.2 |   0.0 |  10.5 |  19.0 | 367.3
      Ice Cave |   0.8 |   0.9 |   0.0 |   7.3 |  50.3 | 827.0
        Wizlab |   2.1 |   2.3 |   0.0 |  18.9 |  35.4 | 2164.0
      Gauntlet |   1.0 |   1.0 |   0.0 |  46.3 |  28.4 | 987.0
               +-------+-------+-------+-------+-------+----------------------

Table legend:
 A = Kills in this place as a percentage of kills in entire the game.
 B = Kills by you in this place as a percentage of kills by you in the entire game.
 C = Kills by friends in this place as a percentage of kills by friends in the entire game.
 D = Other kills in this place as a percentage of other kills in the entire game.
 E = Experience gained in this place as a percentage of experience gained in the entire game.
 F = Experience gained in this place divided by the number of levels of this place that you have seen.
                   A       B       C       D       E      F
               +-------+-------+-------+-------+-------+----------------------
         Total | 100.0 | 100.0 |   N/A | 100.0 | 100.0 | 29314.8
       Dungeon |  17.5 |  17.5 |   N/A |   0.0 |   4.9 | 6008.5
          Lair |   5.0 |   5.0 |   N/A |   0.0 |   2.7 | 8330.3
         Swamp |   5.8 |   5.8 |   N/A |   0.0 |   4.8 | 22107.8
   Spider Nest |   9.2 |   9.2 |   N/A |   0.0 |   6.1 | 28373.5
    Slime Pits |   4.5 |   4.5 |   N/A |   0.0 |   5.2 | 19281.0
  Orcish Mines |   4.3 |   4.3 |   N/A |   0.0 |   0.6 | 5236.5
   Elven Halls |   6.1 |   6.1 |   N/A |  20.0 |   8.8 | 54152.3
        Vaults |  16.7 |  16.7 |   N/A |  20.0 |  23.6 | 87066.2
         Crypt |   7.9 |   7.9 |   N/A |  20.0 |   8.6 | 53055.0
        Depths |  12.8 |  12.8 |   N/A |  20.0 |  15.6 | 57700.8
           Zot |   4.3 |   4.3 |   N/A |  20.0 |  12.2 | 45035.8
         Abyss |   2.5 |   2.5 |   N/A |   0.0 |   2.2 | 13835.7
      Ice Cave |   0.9 |   0.9 |   N/A |   0.0 |   0.3 | 4895.0
        Wizlab |   2.1 |   2.1 |   N/A |   0.0 |   4.1 | 76096.0
      Gauntlet |   0.4 |   0.4 |   N/A |   0.0 |   0.3 | 4788.0
               +-------+-------+-------+-------+-------+----------------------
